 Dungeon Crawl Stone Soup version 0.26.1-2-gb8aa6d0cf2 (webtiles) character file.

Game seed: 5241156991506997003

16018006 Elvor the Conqueror (level 27, 199/199 HPs)
             Began as a Gargoyle Fighter on Feb 24, 2021.
             Was the Champion of the Shining One.
             Escaped with the Orb
             ... and 15 runes on Mar 2, 2021!
             The game lasted 22:40:21 (98147 turns).

Elvor the Conqueror (Gargoyle Fighter)             Turns: 98147, Time: 22:40:22

Health: 199/199    AC: 73    Str: 48    XL:     27
Magic:  35/35      EV: 24    Int: 16    God:    the Shining One [******]
Gold:   11963      SH: 41    Dex: 15    Spells: 54/61 levels left

rFire    + + .     SeeInvis +   H - +9 sacred scourge (holy)
rCold    + + .     Faith    .   J - +6 tower shield "Qaicibri" {rC+ Dex+2}
rNeg     + + +     Spirit   .   h - +9 scales of the Dragon King {rPois rF+ rC+ Will+}
rPois    ∞         Reflect  .   A - +3 crown of Dyrovepreva {rElec Int+2 SInv}
rElec    +         Harm     .   m - scarf {rC+ rF+}
rCorr    .         Rampage  +   E - +3 pair of gauntlets of War {Slay+5}
Will     ++++.     Clarity  +   x - +5 pair of boots of Xom's Inspiration {Rampage rC- Str+4}
Stlth    ..........             n - amulet of regeneration
HPRegen  0.83/turn              Z - ring of Democracy {+Inv MP-9 Str+8 Dex+6 Slay+3}
MPRegen  0.24/turn              B - ring "Kuoruf" {+Fly rN+ Str+4 Int+6}

@: flying, glowing, studying 2 skills
A: big wings, beak, large bone plates 1, thin metallic scales 1, clarity, clumsy
1, dopey 1, strong-willed 1, negative energy resistance 1, electricity
resistance, unbreathing, evolution 1, petrification resistance, miasma immunity,
MP-powered wands, AC +20
0: Orb of Zot
}: 15/15 runes: decaying, slimy, silver, golden, iron, obsidian, icy, bone,
abyssal, demonic, glowing, magical, fiery, dark, gossamer
a: Stop Flying, Renounce Religion, Evoke Invisibility, Divine Shield, Cleansing
Flame, Summon Divine Warrior


You escaped.
You worshipped the Shining One.
The Shining One was exalted by your worship.
You visited 18 branches of the dungeon, and saw 90 of its levels.
You visited Pandemonium 2 times, and saw 15 of its levels.
You visited the Abyss 4 times.
You visited 1 ziggurat, and saw 9 of its levels.
You also visited: Ice Cave, Volcano, Wizlab and Desolation.

You collected 19203 gold pieces.
You spent 7240 gold pieces at shops.

Inventory:

Hand Weapons
 r - the +11 morningstar of Precise Incision {flame, +Blink rElec rPois Int+3}
   (Okawaru gifted it to you on level 1 of the Lair of Beasts)

   It has been specially enchanted to burn those struck by it, causing extra
   injury to most foes and up to half again as much damage against particularly
   susceptible opponents.
   It affects your intelligence (+3).
   It insulates you from electricity.
   It protects you from poison.
   It lets you blink.
 D - a +9 eveningstar of freezing
 H - a +9 sacred scourge of holy wrath (weapon)
Missiles
 b - 13 boomerangs
 c - 40 javelins
 e - 10 silver javelins
 t - 10 silver boomerangs (quivered)
Armour
 h - the +9 scales of the Dragon King (worn) {rPois rF+ rC+ Will+}
   (You bought it in a shop on level 1 of the Vaults)

   It protects you from fire.
   It protects you from cold.
   It protects you from poison.
   It affects your willpower, your defense against some magical effects.
 k - the +2 hat of the Bear Spirit {Spirit, +Rage rN+ Will++}
   (You found it on level 7 of the Iron City of Dis)

   It protects you from negative energy.
   It affects your willpower, your defense against some magical effects.
   It lets you go berserk.
 m - a scarf of resistance (worn)
 x - the +5 pair of boots of Xom's Inspiration (worn) {Rampage rC- Str+4}
   (You acquired it on level 11 of the Dungeon)

   It affects your strength (+4).
   It makes you vulnerable to cold.
   It bestows one free step when moving towards enemies.
 A - the +3 crown of Dyrovepreva (worn) {rElec Int+2 SInv}
   (Okawaru gifted it to you on level 5 of the Pits of Slime)

   It affects your intelligence (+2).
   It insulates you from electricity.
   It lets you see invisible.
 E - the +3 pair of gauntlets of War (worn) {Slay+5}
   (You found it on level 7 of Tartarus)

   It affects your accuracy and damage with ranged weapons and melee attacks
   (+5).
 J - the +6 tower shield "Qaicibri" (worn) {rC+ Dex+2}
   (Okawaru gifted it to you on level 5 of the Vaults)

   It affects your dexterity (+2).
   It protects you from cold.
 Y - a +2 cloak of stealth
Jewellery
 n - an amulet of regeneration (around neck)
 B - the ring "Kuoruf" (right hand) {+Fly rN+ Str+4 Int+6}
   (You found it in Pandemonium)

   [ring of intelligence]

   It affects your strength (+4).
   It affects your intelligence (+6).
   It protects you from negative energy.
   It lets you fly.
 L - a +4 ring of evasion
 Z - the ring of Democracy (left hand) {+Inv MP-9 Str+8 Dex+6 Slay+3}
   (You took it off an efreet in Pandemonium)

   [ring of dexterity]

   It affects your strength (+8).
   It affects your dexterity (+6).
   It affects your accuracy and damage with ranged weapons and melee attacks
   (+3).
   It affects your magic capacity (-9).
   It lets you turn invisible.
Wands
 a - a wand of enslavement (16)
 g - a wand of paralysis (67)
 w - a wand of digging (13)
 C - a wand of polymorph (55)
 O - a wand of iceblast (23)
 V - a wand of acid (32)
 X - a wand of disintegration (80)
Scrolls
 l - 26 scrolls of teleportation
 o - 15 scrolls of fear
 u - 6 scrolls of summoning
 y - 13 scrolls of immolation
 z - 38 scrolls of remove curse
 F - 3 scrolls of silence
 K - a scroll of magic mapping
 N - 5 scrolls of identify
 Q - a scroll of blinking
 T - a scroll of brand weapon
Potions
 d - 4 potions of heal wounds
 f - 6 potions of might
 i - a potion of haste
 j - 46 potions of curing
 p - 7 potions of magic
 q - 8 potions of resistance
 s - 6 potions of ambrosia
 v - 16 potions of brilliance
 G - 17 potions of lignification
 I - 9 potions of berserk rage
 P - 2 potions of mutation
 S - 6 potions of cancellation
Books
 M - a manual of Evocations
 U - a manual of Slings
Miscellaneous
 W - a phantom mirror


   Skills:
 O Level 27 Fighting
 + Level 3.5(17.7) Axes
 O Level 27 Maces & Flails
 + Level 7.4(15.0) Slings
 + Level 19.8(20.2) Throwing
 O Level 27 Armour
 * Level 22.8 Dodging
 O Level 27 Shields
 * Level 17.9 Spellcasting
 + Level 0.8 Translocations
 + Level 25.9 Invocations
 + Level 5.6 Evocations


You had 54 spell levels left.
You knew the following spells:

 Your Spells              Type           Power        Failure   Level
a - Blink                 Tloc           N/A          12%         2
b - Apportation           Tloc           34%          9%          1
c - Swiftness             Air            14%          17%         2
d - Passwall              Tmut/Erth      11%          19%         2

Your spell library contained the following spells:

 Spells                   Type           Power        Failure   Level
 Animate Skeleton         Necr           28%          12%         1
 Beastly Appendage        Tmut           28%          12%         1
 Corona                   Hex            15%          12%         1
 Foxfire                  Conj/Fire      56%          12%         1
 Freeze                   Ice            56%          12%         1
 Magic Dart               Conj           56%          12%         1
 Pain                     Necr           56%          12%         1
 Sandblast                Erth           28%          12%         1
 Shock                    Conj/Air       56%          12%         1
 Summon Small Mammal      Summ           56%          12%         1
 Call Imp                 Summ           14%          19%         2
 Corpse Rot               Necr/Air       N/A          19%         2
 Ensorcelled Hibernation  Hex/Ice        28%          19%         2
 Poisonous Vapours        Pois/Air       28%          19%         2
 Searing Ray              Conj           28%          19%         2
 Slow                     Hex            14%          19%         2
 Wereblood                Tmut           14%          19%         2
 Gell's Gravitas          Tloc           8%           24%         3
 Lesser Beckoning         Tloc           8%           24%         3
 Teleport Other           Tloc           17%          24%         3
 Portal Projectile        Hex/Tloc       30%          30%         3
 Call Canine Familiar     Summ           14%          34%         3
 Confusing Touch          Hex            14%          34%         3
 Conjure Flame            Conj/Fire      14%          34%         3
 Dazzling Flash           Conj/Hex       28%          34%         3
 Frozen Ramparts          Ice            28%          34%         3
 Ignite Poison            Fire/Tmut/Pois 14%          34%         3
 Inner Flame              Hex/Fire       14%          34%         3
 Mephitic Cloud           Conj/Pois/Air  14%          34%         3
 Ozocubu's Armour         Ice            14%          34%         3
 Spider Form              Tmut/Pois      7%           34%         3
 Static Discharge         Conj/Air       14%          34%         3
 Stone Arrow              Conj/Erth      28%          34%         3
 Summon Guardian Golem    Hex/Summ       14%          34%         3
 Tukima's Dance           Hex            14%          34%         3
 Vampiric Draining        Necr           7%           34%         3
 Passage of Golubria      Tloc           N/A          63%         4
 Iskenderun's Mystic Bla  Conj/Tloc      15%          69%         4
 Airstrike                Air            7%           75%         4
 Animate Dead             Necr           7%           75%         4
 Cause Fear               Hex            7%           75%         4
 Dispel Undead            Necr           14%          75%         4
 Fulminant Prism          Conj/Hex       7%           75%         4
 Hailstorm                Conj/Ice       14%          75%         4
 Ice Form                 Ice/Tmut       14%          75%         4
 Leda's Liquefaction      Hex/Erth       7%           75%         4
 Olgreb's Toxic Radiance  Pois           14%          75%         4
 Petrify                  Tmut/Erth      14%          75%         4
 Sticky Flame             Conj/Fire      14%          75%         4
 Summon Ice Beast         Ice/Summ       14%          75%         4
 Summon Lightning Spire   Summ/Air       14%          75%         4
 Summon Forest            Summ/Tloc      7%           95%         5
 Agony                    Necr           14%          97%         5
 Alistair's Intoxication  Tmut/Pois      9%           97%         5
 Blade Hands              Tmut           7%           97%         5
 Bolt of Magma            Conj/Fire/Erth 7%           97%         5
 Borgnjor's Vile Clutch   Necr/Erth      7%           97%         5
 Excruciating Wounds      Necr           7%           97%         5
 Fireball                 Conj/Fire      7%           97%         5
 Irradiate                Conj/Tmut      7%           97%         5
 Iskenderun's Battlesphe  Conj           14%          97%         5
 Lee's Rapid Deconstruct  Erth           7%           97%         5
 Lightning Bolt           Conj/Air       7%           97%         5
 Metabolic Englaciation   Hex/Ice        7%           97%         5
 Silence                  Hex/Air        7%           97%         5
 Yara's Violent Unravell  Hex/Tmut       7%           97%         5
 Conjure Ball Lightning   Conj/Air       7%           100%        6
 Death Channel            Necr           7%           100%        6
 Eringya's Noxious Bog    Tmut/Pois      7%           100%        6
 Freezing Cloud           Conj/Ice/Air   7%           100%        6
 Hydra Form               Tmut           7%           100%        6
 Invisibility             Hex            14%          100%        6
 Iron Shot                Conj/Erth      7%           100%        6
 Shadow Creatures         Summ           N/A          100%        6
 Simulacrum               Ice/Necr       7%           100%        6
 Starburst                Conj/Fire      7%           100%        6
 Dragon Form              Tmut           7%           100%        7
 Haunt                    Necr/Summ      7%           100%        7
 Orb of Destruction       Conj           7%           100%        7
 Spellforged Servitor     Conj/Summ      7%           100%        7
 Summon Hydra             Summ           7%           100%        7
 Borgnjor's Revivificati  Necr           7%           100%        8
 Chain Lightning          Conj/Air       7%           100%        8
 Discord                  Hex            7%           100%        8
 Ignition                 Fire           7%           100%        8
 Infestation              Necr           7%           100%        8
 Lehudib's Crystal Spear  Conj/Erth      7%           100%        8
 Necromutation            Tmut/Necr      7%           100%        8
 Absolute Zero            Ice            7%           100%        9
 Death's Door             Necr           7%           100%        9
 Dragon's Call            Summ           7%           100%        9
 Fire Storm               Conj/Fire      7%           100%        9
 Shatter                  Erth           7%           100%        9
 Tornado                  Air            7%           100%        9
 Sublimation of Blood     Necr           Unusable     N/A         2
 Statue Form              Tmut/Erth      Unusable     N/A         6

Dungeon Overview and Level Annotations

Branches:
Dungeon (15/15)            Temple (1/1) D:7            Lair (6/6) D:11
  Swamp (4/4) Lair:2       Spider (4/4) Lair:2        Slime (5/5) Lair:6
    Orc (2/2) D:11            Elf (3/3) Orc:2        Vaults (5/5) D:14
  Crypt (3/3) Vaults:2       Tomb (3/3) Crypt:3      Depths (5/5) D:15
   Hell (visited)             Dis (7/7) Hell            Geh (7/7) Hell
    Coc (7/7) Hell            Tar (7/7) Hell            Zot (5/5) Depths:5
  IceCv (visited)         Volcano (visited)          WizLab (visited)
Desolation (visited)

Altars:
Ashenzari
Cheibriados
Dithmenos
Elyvilon
Fedhas
Gozag
Hepliaklqana
Kikubaaqudgha
Makhleb
Nemelex Xobeh
Okawaru
Qazlal
Ru
Sif Muna
Trog
Uskayaw
Vehumet
Wu Jian
Xom
Yredelemnul
Zin
The Shining One
Beogh
Jiyva

Shops:
D:13 ?   Orc:1 *   Orc:2 (}=[   Elf:2 ?(   Vaults:1 ([[!   Depths:3 [

Portals:
Hell: Depths:1 Depths:2 Depths:3 Depths:4 Depths:5
Abyss: Depths:2 Depths:3 Depths:4 Depths:5
Pandemonium: Depths:3 Depths:4


Innate Abilities, Weirdness & Mutations

You are resistant to torment.
Your stone body is resilient. (AC +20)
You are immune to poison.
Your large and strong wings let you fly indefinitely.
You resist negative energy. (rN+)
You are resistant to electric shocks. (rElec)
You can survive without breathing.
You are immune to petrification.
You are immune to miasma.
You have a beak for a mouth.
You are partially covered in large bone plates. (SH +4)
You are partially covered in thin metallic scales. (AC +2)
You possess an exceptional clarity of mind.
You are clumsy. (Dex -2)
You are dopey. (Int -2)
You are strong-willed. (Will+)
You evolve.
You expend magic power (3 MP) to strengthen your wands.


Message History

You feel better.
You see here a +0 club.
There is a stone staircase leading up here.
You fly upwards.
There is a stone staircase leading down here.
You see here a +0 scale mail.
Aiming: Dig
Press: ? - help, Shift-Dir - straight line, f - you Please select a direction to dig.
This square is lit by a halo and is covered in magical glow.
You feel a surge of power!
The rock shatters into small pieces.
HP restored.
Aiming: Dig
Press: ? - help, Shift-Dir - straight line, f - you Please select a direction to dig.
This square is lit by a halo and is covered in magical glow.
You feel a surge of power!
The rock shatters into small pieces.
There is a staircase leading out of the dungeon here.
Magic restored.
You have escaped!

#...#.#.#.#.#.#.#.#...##
####...............####
#......#..........#
##.......#.......##
#.....#....#......#
##...........#...##
#....#.#.#.#...#..#
######........^......##
#...#...#..#.@.#..#...########
#.####...............##.......
####.#
#..#...#.#.#.#....###.###.
.....#
##...#...........#........
####.#
#......#....#.....###.###. #
##.# ##.......#.......##...# #.
# #..###..........#......#####
#. # #..).##...............####
#. #
#..#...#.#.#.#.#.#.#.#...#####.


There were no monsters in sight!

Vanquished Creatures
  Cerebov (Pan)
  Antaeus (Coc:7)
  Ereshkigal (Tar:7)
  the Royal Jelly (Slime:5)
  Gloorx Vloq (Pan)
  A seraph (Pan)
  the Serpent of Hell (Dis:7)
  Mnoleg (Pan)
  Lom Lobon (Pan)
  5 ancient liches
  Dispater (Dis:7)
  3 orbs of fire
  Mennas (Pan)
  Khufu (Crypt:2)
  A juggernaut (Depths:5)
  Sojobo (Vaults:4)
  7 shard shrikes
  32 royal mummies
  Bai Suzhen (Crypt:2)
  6 Killer Klowns
  The ghost of Pepteco the Tortoise, a veteran MiFi of Yredelemnul (Zot:4)
  Saint Roka (Crypt:2)
  Frederick (Crypt:2)
  A curse toe (Zot:5)
  3 caustic shrikes
  Xtahua (Depths:3)
  10 golden dragons
  4 profane servitors
  2 pearl dragons (Pan)
  9 pandemonium lords
  16 bone dragons
  9 doom hounds
  32 Tzitzimimeh
  4 hellephants
  3 electric golems
  Rupert (D:12)
  4 iron giants (Dis:7)
  22 Brimstone Fiends
  13 Ice Fiends
  9 Hell Sentinels
  Asterion (Elf:2)
  25 Orb Guardians
  16 tentacled monstrosities
  17 liches
  Murray (Hell)
  9 deep elf blademasters
  12 titans
  5 quicksilver dragons
  22 Executioners
  A kraken (Abyss:3)
  24 acid blobs
  25 tentacled starspawn
  Frances (D:12)
  8 deep elf master archers
  3 death cobs
  9 sphinxes
  22 ancient champions
  2 thorn hunters
  9 tengu reavers
  7 draconian monks
  Kirke (Swamp:3)
  8 storm dragons
  13 shadow dragons
  13 daevas
  12 azure jellies
  6 revenants
  28 balrugs
  A frost giant (shapeshifter) (Zig:8)
  7 ghouls
  5 ghost moths
  3 iron dragons
  15 angels (Pan)
  11 vault wardens
  A draconian knight (Depths:5)
  Louise (Depths:3)
  18 fire giants
  4 draconian scorchers
  4 curse skulls
  7 warmongers (Pan)
  13 deep elf sorcerers
  21 frost giants
  23 cacodemons
  7 deep elf elementalists
  8 emperor scorpions
  53 reapers
  4 imperial myrmidons (Desolation)
  17 ironheart preservers
  8 draconian annihilators
  A draconian stormcaller (Zot:4)
  2 elemental wellsprings
  27 very ugly things
  8 war gargoyles
  5 draconian shifters (Zot:4)
  27 stone giants
  10 green draconians
  11 ophanim (Pan)
  9 blood saints
  17 vampire knights
  14 black draconians
  23 apis (Pan)
  7 corrupters (Pan)
  17 bennus
  9 black suns
  10 deep elf demonologists
  8 lorocyprocas
  10 white draconians
  13 red draconians
  3 entropy weavers
  5 spark wasps
  2 bunyips (Swamp:4)
  14 purple draconians
  9 yellow draconians
  13 deep elf annihilators
  9 deep elf death magi
  A halazid warlock (Desolation)
  An orange crystal statue (WizLab)
  5 death oozes
  2 crystal guardians (Desolation)
  5 quicksilver dragon zombies
  13 ettins
  An eleionoma (Swamp:1)
  12 fire dragons
  22 blizzard demons
  5 deep elf high priests
  Snorg (D:12)
  16 green deaths
  19 mummy priests
  2 ragged hierophants (Desolation)
  18 yaktaur captains
  11 great orbs of eyes
  3 eidola
  18 ogre magi
  A kraken zombie (Hell)
  19 ice dragons
  A shambling mangrove (Abyss:3)
  13 jiangshi
  7 peacekeepers (Desolation)
  An ice dragon (shapeshifter) (Zig:8)
  The ghost of
  1994 the Fighter, a novice OgBe of Trog (D:8)
  4 hell beasts
  2 spriggan air magi (Depths:5)
  22 hydras
  A fenstrider witch skeleton (Crypt:1)
  The ghost of Winsalot the Destroyer, a journeyman DgCj (Lair:1)
  20 rakshasas
  8 servants of whispers (Desolation)
  26 vault guards
  9 boulder beetles
  11 centaur warriors
  6 monstrous demonspawn (Pan)
  6 quicksilver dragon skeletons
  10 alligators
  4 ghost crabs
  9 death knights
  A two-headed ogre (shapeshifter) (Vaults:5)
  11 hell hogs
  Urug (D:14)
  61 death scarabs
  47 two-headed ogres
  13 vampire magi
  4 deep troll shamans
  8 tengu warriors
  41 dancing weapons
  4 titan zombies
  7 deep troll earth magi
  34 thrashing horrors
  A shock serpent (shapeshifter) (Vaults:1)
  7 spriggan berserkers
  38 hell knights
  49 sun demons
  19 wretched stars
  41 soul eaters
  31 deep elf knights
  2 storm dragon zombies
  3 iron trolls
  3 titan skeletons
  A fire crab (Abyss:3)
  2 iron golems
  2 storm dragon skeletons
  2 salamander mystics (Depths:3)
  A spark wasp zombie (Depths:2)
  8 ghost moth zombies
  17 shadow wraiths
  6 spatial maelstroms
  121 skeletal warriors
  4 anaconda zombies
  21 sixfirhies
  3 goliath frogs
  A goliath frog (shapeshifter) (Vaults:5)
  2 unseen horrors (shapeshifter)
  10 cherubim (Pan)
  3 golden dragon zombies
  3 spriggan druids
  4 infernal demonspawn
  28 shadow demons
  5 torturous demonspawn
  A kraken simulacrum (Coc:4)
  19 deep trolls
  10 gelid demonspawn (Pan)
  11 glowing orange brains
  4 unseen horrors
  15 flayed ghosts
  27 deep elf archers
  10 bog bodies
  7 swamp dragons (Swamp:4)
  A lindwurm (Lair:6)
  10 wizards
  6 anaconda skeletons
  88 large abominations
  A lindwurm (shapeshifter) (Elf:2)
  5 shadow dragon zombies
  21 phantasmal warriors
  3 wolf spider zombies
  18 necromancers
  9 ironbrand convokers
  5 harpies (Vaults:1)
  2 golden dragon skeletons
  15 orb spiders
  13 orc knights
  93 deep elf magi
  4 fire giant zombies
  4 orc sorcerers
  An orb spider (shapeshifter) (Vaults:5)
  31 wolf spiders
  A faun (shapeshifter) (Depths:4)
  6 iron dragon zombies
  3 manticores
  6 frost giant zombies
  3 oklob plants
  8 stone giant zombies
  2 worldbinders
  35 ugly things
  A cyclops (shapeshifter) (Vaults:5)
  15 moths of wrath
  11 cyclopes
  4 salamanders (Depths:3)
  2 iron dragon skeletons
  An elephant (shapeshifter) (Vaults:3)
  4 shining eyes
  5 will-o-the-wisps
  A black mamba (shapeshifter) (Vaults:3)
  31 rust devils
  A toenail golem (Volcano)
  5 fire giant skeletons
  Joseph (D:9)
  7 guardian serpents
  A guardian serpent (shapeshifter) (Depths:5)
  6 dire elephant zombies
  10 frost giant skeletons
  A black mamba (Lair:3)
  2 shock serpent zombies
  15 vault sentinels
  6 ice statues
  7 stone giant skeletons
  An emperor scorpion zombie (Dis:7)
  75 smoke demons
  10 apocalypse crabs
  6 eyes of devastation
  12 molten gargoyles
  5 cane toads
  9 gargoyles
  10 spectral swamp worms (Tar:7)
  3 torpor snails
  33 orange demons
  31 hellions
  A spriggan skeleton (Depths:2)
  A titan simulacrum (Crypt:1)
  The ghost of Quickbrownfox the Poker, a novice DsGl (D:5)
  3 dire elephant skeletons
  46 freezing wraiths
  2 kobold demonologists (Abyss:4)
  A yaktaur (shapeshifter) (Vaults:4)
  2 rime drakes
  7 komodo dragons
  A human zombie (Vaults:3)
  5 komodo dragons (shapeshifter)
  28 tormentors
  19 efreet
  34 demonic crawlers
  49 yaktaurs
  2 anaconda simulacra
  35 ice devils
  A catoblepas zombie (Geh:3)
  2 golden dragon simulacra
  21 hellwings
  20 guardian mummies
  33 red devils
  12 hydra zombies
  4 harpy zombies
  22 ancient zymes
  A meliai (shapeshifter) (Elf:3)
  6 polar bears
  6 tengu conjurers
  3 silent spectres
  16 trolls
  37 jumping spiders
  22 hornets
  A merfolk (shapeshifter) (Vaults:5)
  62 saltlings
  A hornet (shapeshifter) (Vaults:4)
  A wind drake (shapeshifter) (Vaults:4)
  3 tyrant leeches
  A moth of wrath zombie (Crypt:1)
  16 dream sheep
  9 ice dragon zombies
  5 alligator zombies
  14 blink frogs
  3 hydra skeletons
  10 fire dragon zombies
  A dream sheep (shapeshifter) (Depths:4)
  A shadow dragon simulacrum (Tomb:1)
  95 slime creatures
  4 ettin zombies
  23 raiju
  7 ettin skeletons
  A death drake skeleton (Crypt:2)
  4 air elementals
  4 ice dragon skeletons
  3 meliai zombies
  63 redbacks
  5 fire dragon skeletons
  21 spriggans
  125 flying skulls
  19 shadows
  3 tarantellas (shapeshifter)
  2 black mamba zombies
  A spriggan (shapeshifter) (Depths:2)
  3 vampires
  8 water elementals
  12 wyverns
  43 ynoxinuls
  27 fire elementals
  6 hogs
  34 small abominations
  38 tarantellas
  29 wraiths
  3 alligator skeletons
  3 black mamba skeletons
  16 humans (D:14)
  3 fire bats (Lair:4)
  A steam dragon (D:9)
  41 yaks
  20 ushabtiu
  A human (shapeshifter) (Vaults:5)
  Grum (D:9)
  A basilisk (Lair:1)
  21 golden eyes
  A golden eye (shapeshifter) (Vaults:2)
  7 vampire mosquitoes
  A fire bat (shapeshifter) (Abyss:1)
  37 neqoxecs
  26 chaos spawn
  5 wargs
  11 spatial vortices
  A merfolk zombie (Crypt:1)
  2 soldier ants (shapeshifter)
  8 cane toad zombies
  15 swamp worms
  A monstrous demonspawn zombie (Tar:2)
  2 hydra simulacra (Coc:7)
  An acid dragon (shapeshifter) (D:15)
  An acid dragon (D:13)
  19 water moccasins
  53 hell hounds
  2 floating eyes (Pan)
  A swamp drake (Swamp:2)
  31 orc warriors
  3 cane toad skeletons
  A sky beast (D:4)
  3 snapping turtle zombies
  6 black bears
  13 ice beasts
  23 starcursed masses
  2 swamp dragon zombies
  2 manticore zombies
  22 necrophages
  73 ogres
  9 phantoms
  10 eyes of draining
  31 wolves
  8 boggarts
  4 elf skeletons
  19 centaurs
  3 snapping turtle skeletons
  A swamp dragon skeleton (Coc:7)
  3 big kobolds
  A manticore skeleton (Pan)
  2 elf zombies
  A big kobold (shapeshifter) (Vaults:3)
  A wyvern zombie (D:11)
  23 bullfrogs
  5 earth elementals
  A gnoll sergeant (D:9)
  7 human skeletons
  3 scorpions
  A palentonga skeleton (Crypt:2)
  A warg zombie (Crypt:2)
  9 killer bees
  A troll zombie (Geh:5)
  A swamp dragon simulacrum (Crypt:3)
  A snapping turtle simulacrum (Coc:7)
  56 wights
  A howler monkey (D:11)
  5 electric eels
  5 crimson imps
  2 human simulacra (Vaults:1)
  A wolf skeleton (Crypt:1)
  2 bullfrog zombies (D:12)
  9 jellies
  A troll skeleton (Coc:3)
  A draconian simulacrum (IceCv)
  A black bear zombie (Crypt:1)
  6 centaur zombies
  6 hounds
  3 quasits
  A gnoll shaman (D:5)
  27 orc priests
  3 bullfrog skeletons
  4 centaur skeletons
  20 iron imps
  25 orc wizards
  5 iguanas
  12 worker ants
  5 troll simulacra (IceCv)
  A worker ant (shapeshifter) (Abyss:4)
  2 spriggan simulacra (IceCv)
  An ogre zombie (Dis:6)
  2 centaur simulacra (IceCv)
  A tengu zombie (Dis:7)
  A felid skeleton (Crypt:2)
  2 naga skeletons
  A tengu skeleton (Coc:7)
  An acid dragon skeleton (Crypt:1)
  An ogre skeleton (Coc:4)
  46 mummies
  16 gnolls
  A naga simulacrum (Abyss:4)
  11 adders
  11 shadow imps
  25 white imps
  7 ufetubi
  3 oozes
  An adder zombie (D:9)
  2 adder skeletons
  4 worms
  A dart slug (D:5)
  8 leopard geckos
  78 orcs
  3 ball pythons
  4 bats
  4 giant cockroaches
  5 goblins
  9 hobgoblins
  12 jackals
  23 kobolds
  7 quokkas
  A frilled lizard (shapeshifter) (Depths:4)
  6 frilled lizards
  A gnoll skeleton (Crypt:1)
  A jackal zombie (D:8)
  A leopard gecko skeleton (D:4)
  An orc skeleton (Geh:7)
  6 rats
  A block of ice (Pan)
  A briar patch (Swamp:2)
  A butterfly (Lair:5)
  2 crawling corpses (Depths:3)
  2 lurking horrors
  A plant (D:11)
  6 starspawn tentacles
  6 tentacles
5178 creatures vanquished.

Vanquished Creatures (collateral kills)
  Asmodeus (Geh:7)
  A royal mummy (Tomb:1)
  3 shard shrikes (Coc:7)
  Geryon (Hell)
  A pandemonium lord (Pan)
  3 Tzitzimimeh
  A doom hound (Tar:7)
  3 Brimstone Fiends
  An iron giant (Dis:2)
  2 Hell Sentinels (Dis:7)
  A tentacled monstrosity (Hell)
  2 liches
  An Ice Fiend (Pan)
  2 quicksilver dragons (Dis:7)
  A titan (Crypt:2)
  An ancient champion (Dis:7)
  5 Executioners
  A draconian knight (Zot:4)
  2 daevas (Pan)
  A fire giant (Geh:7)
  A cacodemon (Pan)
  3 frost giants
  4 balrugs
  3 angels (Pan)
  An iron dragon (Dis:7)
  A draconian scorcher (Zot:4)
  2 curse skulls
  An elemental wellspring (Coc:7)
  10 reapers
  3 war gargoyles (Dis:7)
  A vampire knight (Zig:7)
  An apis (Pan)
  A blood saint (Pan)
  2 ophanim (Pan)
  A green draconian (Zot:5)
  A lorocyproca (Pan)
  An eidolon (Zig:7)
  4 blizzard demons
  6 jiangshi (Crypt:3)
  2 mummy priests (Tomb:2)
  A spectral kraken (Tar:7)
  An ogre mage (Orc:2)
  A rakshasa (Pan)
  2 ice dragons (Coc:7)
  A monstrous demonspawn (Pan)
  A vault guard (Vaults:5)
  2 two-headed ogres (Orc:2)
  A dancing weapon (Pan)
  2 hell hogs (Geh:7)
  2 vampire magi
  A titan zombie (Coc:7)
  A sixfirhy (Pan)
  16 skeletal warriors
  10 sun demons
  3 soul eaters
  5 cherubim (Pan)
  7 hell knights
  7 shadow demons
  A torturous demonspawn (Pan)
  A flayed ghost (Crypt:2)
  An orc knight (D:15)
  A gelid demonspawn (Pan)
  A phantasmal warrior (Zig:7)
  An iron dragon zombie (Coc:7)
  A necromancer (Dis:7)
  A deep elf mage (Crypt:3)
  A wolf spider zombie (Tar:7)
  2 frost giant zombies
  2 stone giant zombies
  2 fire giant zombies
  An ugly thing (Zig:9)
  A stone giant skeleton (Tar:7)
  6 rust devils (Dis:7)
  An eye of devastation (Pan)
  2 molten gargoyles (Geh:7)
  4 smoke demons (Pan)
  An ice statue (Coc:7)
  A human zombie (Vaults:3)
  An efreet (Abyss:3)
  2 hellions (Dis:7)
  3 tormentors
  3 spectral swamp worms (Tar:7)
  A dire elephant skeleton (Crypt:3)
  A yaktaur (Vaults:4)
  2 demonic crawlers (Pan)
  A hellwing (Pan)
  An anaconda simulacrum (Hell)
  A guardian mummy (Tomb:1)
  A freezing wraith (Coc:7)
  11 ice devils
  11 red devils
  2 harpy zombies
  2 hydra zombies (Hell)
  An alligator zombie (Coc:7)
  An ettin zombie (Tar:7)
  An ice dragon zombie (Geh:7)
  20 flying skulls
  3 water elementals (Coc:7)
  2 large abominations (Pan)
  A shadow (Geh:7)
  An ice dragon skeleton (Geh:7)
  3 wraiths (Geh:7)
  An ettin skeleton (Tar:7)
  A fire dragon skeleton (Geh:7)
  3 ushabtiu (Tomb:2)
  3 ynoxinuls (Pan)
  5 fire elementals (Hell)
  A black mamba skeleton (Geh:7)
  A chaos spawn (Pan)
  A small abomination (Crypt:3)
  A hell hound (Hell)
  A cane toad zombie (Coc:7)
  An orc warrior (Crypt:2)
  5 necrophages
  A snapping turtle zombie (Geh:7)
  A manticore zombie (Tar:7)
  An ogre (Orc:2)
  2 iron imps (Dis:7)
  An orc wizard (Orc:2)
  A tengu zombie (Crypt:2)
  6 mummies
  A shadow imp (Tar:7)
  8 white imps (Coc:7)
  2 orcs (Crypt:2)
  A kobold zombie (Coc:7)
  2 tentacles (Tar:7)
306 creatures vanquished.

Vanquished Creatures (others)
  A Hell Sentinel (Dis:7)
  A sphinx (Tomb:1)
  A draconian monk (Zot:4)
  A fenstrider witch (shapeshifter) (Zig:9)
  A green death (Pan)
  A hydra (Swamp:2)
  A hell hog (Geh:7)
  A deep elf knight (Elf:3)
  A deep elf mage (Elf:1)
  A smoke demon (Pan)
  An orange demon (Swamp:4)
  A molten gargoyle (Geh:7)
  A hellion (Geh:7)
  2 bloated husks (Swamp:2)
  A saltling (Desolation)
  A water elemental (Coc:7)
  A shadow (Tar:7)
  A golden eye (Abyss:3)
  A fire elemental (Geh:3)
  A human (Swamp:3)
  A crimson imp (Geh:2)
  3 white imps (Coc:7)
  2 orcs
  A quokka zombie (D:5)
  3 ball lightnings (Zig:9)
  A briar patch (Swamp:2)
  3 demonic plants (Pan)
  29 foxfires
  14 fungi
  4 lurking horrors
  41 plants
  60 starspawn tentacles
  11 tentacles
194 creatures vanquished.

Grand Total: 5678 creatures vanquished

Notes
Turn   | Place    | Note
-------+----------+-------------------------------------------
     0 | D:1      | Elvor the Gargoyle Fighter began the quest for the Orb.
     0 | D:1      | Reached XP level 1. HP: 14/14 MP: 1/1
   130 | D:1      | Reached XP level 2. HP: 19/19 MP: 2/2
   409 | D:1      | Found a sparkling altar of Nemelex Xobeh.
   514 | D:1      | Reached XP level 3. HP: 22/23 MP: 3/3
  1113 | D:2      | Found a radiant altar of Vehumet.
  1266 | D:2      | Found an ornate altar of the Wu Jian Council.
  1346 | D:2      | Reached XP level 4. HP: 28/28 MP: 4/4
  1649 | D:3      | Noticed a bullfrog
  2069 | D:2      | Killed a bullfrog
  2070 | D:2      | Reached XP level 5. HP: 17/33 MP: 5/5
  2323 | D:3      | Found a glowing golden altar of the Shining One.
  2453 | D:3      | Reached XP level 6. HP: 33/38 MP: 6/6
  2634 | D:4      | Reached skill level 5 in Maces & Flails
  2688 | D:4      | Noticed a moth of wrath
  2690 | D:4      | Found a bloodstained altar of Trog.
  2794 | D:4      | Noticed a phantom
  2834 | D:4      | Killed a phantom
  2944 | D:4      | Reached XP level 7. HP: 43/43 MP: 7/7
  2949 | D:4      | Reached skill level 1 in Slings
  3613 | D:5      | Entered Level 5 of the Dungeon
  3643 | D:5      | Found a runed translucent gate.
  3644 | D:5      | Found a runed translucent gate.
  3644 | D:5      | Noticed Quickbrownfox's ghost (novice DsGl)
  3645 | D:5      | Found a runed translucent gate.
  3962 | D:5      | Reached XP level 8. HP: 42/48 MP: 5/8
  4442 | D:6      | Reached skill level 5 in Shields
  4449 | D:6      | Found a glowing golden altar of the Shining One.
  5063 | D:7      | Found a staircase to the Ecumenical Temple.
  5083 | Temple   | Entered the Ecumenical Temple
  5093 | Temple   | Became a worshipper of Warmaster Okawaru
  5437 | D:7      | Found a burning altar of Makhleb.
  5539 | D:7      | Found a sacrificial altar of Ru.
  5586 | D:7      | Reached XP level 9. HP: 52/52 MP: 9/9
  5868 | D:5      | Reached skill level 5 in Armour
  5931 | D:5      | Killed Quickbrownfox's ghost
  5931 | D:5      | Reached * piety under Okawaru
  6124 | D:8      | Reached skill level 10 in Maces & Flails
  6133 | D:8      | Reached skill level 1 in Throwing
  6197 | D:8      | Reached skill level 5 in Fighting
  6215 | D:8      | Learned a level 2 spell: Blink
  6237 | D:8      | Noticed a two-headed ogre
  6246 | D:8      | Killed a two-headed ogre
  6246 | D:8      | Reached ** piety under Okawaru
  6450 | D:8      | Reached XP level 10. HP: 40/59 MP: 10/10
  6939 | D:8      | Noticed a gargoyle
  6945 | D:8      | Killed a gargoyle
  6946 | D:8      | Reached skill level 1 in Dodging
  6965 | D:8      | Noticed a gargoyle
  6974 | D:8      | Killed a gargoyle
  6974 | D:8      | Reached *** piety under Okawaru
  6984 | D:8      | Noticed a gargoyle
  6987 | D:8      | Killed a gargoyle
  6990 | D:8      | Noticed a gargoyle
  6996 | D:8      | Killed a gargoyle
  7001 | D:8      | Noticed a gargoyle
  7003 | D:8      | Killed a gargoyle
  7003 | D:8      | Reached **** piety under Okawaru
  7106 | D:8      | Found a runed translucent gate.
  7106 | D:8      | Found a runed translucent gate.
  7107 | D:8      | Found a runed translucent gate.
  7109 | D:8      | Found a viscous altar of Jiyva.
  7109 | D:8      | Noticed 1994's ghost (novice OgBe)
  7429 | D:9      | Reached XP level 11. HP: 29/64 MP: 6/11
  7668 | D:9      | Noticed Joseph
  7677 | D:9      | Killed Joseph
  7846 | D:9      | Noticed Grum
  7854 | D:9      | Found a shadowy altar of Dithmenos.
  7861 | D:9      | Killed Grum
  8106 | D:10     | Entered Level 10 of the Dungeon
  8909 | D:11     | Reached ***** piety under Okawaru
  9185 | D:11     | Noticed a purple ugly thing
  9195 | D:11     | Noticed an eight-headed hydra
  9214 | D:11     | Killed a purple ugly thing
  9229 | D:11     | Killed an eight-headed hydra
  9621 | D:11     | Noticed an oklob plant
  9623 | D:11     | Found a staircase to the Lair.
  9817 | D:11     | Found a staircase to the Orcish Mines.
  9826 | D:11     | Found a roughly hewn altar of Beogh.
 10060 | D:8      | Killed 1994's ghost
 10061 | D:8      | Reached skill level 1 in Invocations
 10096 | D:8      | Received a gift from Okawaru
 10283 | D:12     | Noticed Rupert
 10321 | D:12     | Reached XP level 12. HP: 71/72 MP: 12/12
 10386 | D:11     | Reached skill level 1 in Evocations
 10403 | Lair:1   | Entered Level 1 of the Lair of Beasts
 10527 | Lair:1   | Noticed a six-headed hydra
 10542 | Lair:1   | Killed a six-headed hydra
 10761 | Lair:1   | Found a runed translucent door.
 10763 | Lair:1   | Noticed Winsalot's ghost (journeyman DgCj)
 10765 | Lair:1   | Identified the cursed +0 spear of Indomitability {vorpal,
                  | rPois Dex-3 SInv}
 10793 | Lair:1   | Received a gift from Okawaru
 10794 | Lair:1   | Got an iridescent morningstar {god gift}
 10799 | Lair:1   | Identified the +11 morningstar of Precise Incision {flame,
                  | +Blink rElec rPois Int+3} (Okawaru gifted it to you on
                  | level 1 of the Lair of Beasts)
 11348 | Lair:1   | Killed Winsalot's ghost
 11351 | Lair:1   | Reached skill level 15 in Maces & Flails
 11489 | Lair:2   | Found a frozen archway.
 11514 | IceCv    | Entered an ice cave
 11655 | IceCv    | Received a gift from Okawaru
 11769 | IceCv    | Reached skill level 10 in Shields
 11841 | IceCv    | Reached XP level 13. HP: 79/79 MP: 14/14
 11968 | IceCv    | Found the +2 ratskin cloak {*Rats rPois rN+ Str-1 Int-1
                  | Dex+1}
 12108 | Lair:2   | Found a hole to the Spider Nest.
 12526 | Lair:2   | Found a staircase to the Swamp.
 12534 | Lair:2   | Reached ****** piety under Okawaru
 12603 | Lair:3   | Received a gift from Okawaru
 13568 | Lair:4   | Found a dark tunnel.
 13587 | Volcano  | Entered a volcano
 14202 | Lair:4   | Reached skill level 10 in Fighting
 14361 | Lair:4   | Got a spiked leather armour
 14372 | Lair:4   | Identified the +3 leather armour of Dust Devil {rElec Str+3
                  | Int+2} (You found it on level 4 of the Lair of Beasts)
 14789 | Lair:5   | Received a gift from Okawaru
 14804 | Lair:5   | Gained mutation: Your large and strong wings let you fly
                  | indefinitely. [Gargoyle growth]
 14804 | Lair:5   | Reached XP level 14. HP: 88/88 MP: 15/15
 15427 | Lair:6   | Entered Level 6 of the Lair of Beasts
 15636 | Lair:6   | Received a gift from Okawaru
 15936 | Lair:6   | Reached skill level 10 in Armour
 16111 | Lair:6   | Found a viscous altar of Jiyva.
 16111 | Lair:6   | Found a staircase to the Slime Pits.
 17032 | D:12     | Killed Rupert
 17032 | D:12     | Received a gift from Okawaru
 17033 | D:12     | Found the +5 demon whip "Spellbinder" {antimagic, Will+}
 17078 | D:12     | Noticed Frances
 17086 | D:12     | Killed Frances
 17416 | D:12     | Noticed Snorg
 17437 | D:12     | Killed Snorg
 17450 | D:12     | Reached XP level 15. HP: 72/96 MP: 14/17
 17691 | D:12     | Received a gift from Okawaru
 17692 | D:12     | Got an ancient quarterstaff {god gift}
 17746 | D:11     | Identified the +10 quarterstaff of Recklessness {elec,
                  | *Rage *Slow rC+ Dex+7} (Okawaru gifted it to you on level
                  | 12 of the Dungeon)
 17783 | Orc:1    | Entered Level 1 of the Orcish Mines
 17963 | Orc:1    | Found Emuppopa's Assorted Antiques.
 18048 | Orc:1    | Found a bloodstained altar of Trog.
 18105 | Orc:1    | Bought a scroll labelled YBEOCL ROON for 27 gold pieces
 18105 | Orc:1    | Bought a scroll labelled WUTOTAIVAH for 27 gold pieces
 18217 | Orc:2    | Entered Level 2 of the Orcish Mines
 18633 | Orc:2    | Found Koxiyska's Gadget Shop.
 18660 | Orc:2    | Found Zecoxy's Antique Weapon Shop.
 19049 | Orc:2    | Received a gift from Okawaru
 19128 | Orc:2    | Received a gift from Okawaru
 19217 | Orc:2    | Found a staircase to the Elven Halls.
 19249 | Orc:2    | Found Afuu's Jewellery Emporium.
 19254 | Orc:2    | Found Pusch's Antique Armour Boutique.
 19289 | Orc:2    | Bought the ring of Fupraly {rC++ Stlth+} for 504 gold
                  | pieces
 19294 | Orc:2    | Bought a shiny kite shield for 180 gold pieces
 19462 | D:13     | Found Beprowao's Magic Scroll Shop.
 19467 | D:13     | Bought a scroll of identify for 26 gold pieces
 19467 | D:13     | Bought a scroll of identify for 26 gold pieces
 19467 | D:13     | Bought a scroll of identify for 26 gold pieces
 19467 | D:13     | Bought a scroll of identify for 26 gold pieces
 19467 | D:13     | Bought a scroll of identify for 26 gold pieces
 19467 | D:13     | Bought a scroll of fog for 26 gold pieces
 19467 | D:13     | Identified a scroll of acquirement
 19616 | D:13     | Received a gift from Okawaru
 19617 | D:13     | Got an ancient demon whip {god gift}
 19620 | D:13     | Identified the +3 demon whip "Jein" {vamp, rElec rN+ Int+3
                  | Dex-4} (Okawaru gifted it to you on level 13 of the
                  | Dungeon)
 20001 | D:14     | Noticed Urug
 20041 | D:14     | Found a gate to the Vaults.
 20048 | D:14     | Killed Urug
 20250 | D:14     | Reached XP level 16. HP: 98/105 MP: 18/18
 20397 | D:14     | Received a gift from Okawaru
 21213 | D:15     | Entered Level 15 of the Dungeon
 21462 | D:15     | Reached skill level 5 in Dodging
 22340 | D:15     | Found a staircase to the Depths.
 22585 | Swamp:1  | Entered Level 1 of the Swamp
 22592 | Swamp:1  | Received a gift from Okawaru
 22647 | Swamp:1  | Noticed a thorn hunter
 22867 | Swamp:1  | Killed a thorn hunter
 23505 | Swamp:2  | Noticed a thorn hunter
 23532 | Swamp:2  | Killed a thorn hunter
 23874 | Swamp:3  | Noticed Kirke
 23925 | Swamp:3  | Killed Kirke
 23930 | Swamp:3  | Reached XP level 17. HP: 108/112 MP: 13/20
 24105 | Swamp:3  | Reached skill level 15 in Fighting
 24460 | Swamp:4  | Entered Level 4 of the Swamp
 24506 | Swamp:4  | Received a gift from Okawaru
 25280 | Swamp:4  | Noticed a tentacled monstrosity
 25299 | Swamp:4  | Killed a tentacled monstrosity
 25299 | Swamp:4  | Received a gift from Okawaru
 25784 | Swamp:4  | Got a decaying rune of Zot
 25826 | Swamp:4  | Got a fine chain mail
 25837 | Swamp:4  | Identified the +1 chain mail "Zamepuk" {Rampage rElec Int+5
                  | Slay-5} (You found it on level 4 of the Swamp)
 26282 | Swamp:4  | Got a spiked plate armour {god gift}
 26337 | Swamp:3  | Identified the +0 plate armour of Wirr {Rampage rCorr}
                  | (Okawaru gifted it to you on level 4 of the Swamp)
 26548 | Spider:1 | Entered Level 1 of the Spider Nest
 27539 | Spider:1 | Reached XP level 18. HP: 120/120 MP: 19/21
 27640 | Spider:1 | Received a gift from Okawaru
 28263 | Spider:3 | Reached skill level 5 in Throwing
 28811 | Spider:4 | Entered Level 4 of the Spider Nest
 29091 | Spider:4 | Reached skill level 15 in Shields
 29261 | Spider:4 | Received a gift from Okawaru
 29870 | Spider:4 | Got a gossamer rune of Zot
 30300 | Vaults:1 | Entered Level 1 of the Vaults
 30925 | Vaults:1 | Reached XP level 19. HP: 128/128 MP: 22/22
 31134 | Vaults:1 | Received a gift from Okawaru
 31169 | Vaults:1 | Got a translucent hunting sling {god gift}
 31752 | Vaults:1 | Found Bijaodgh's Armour Shoppe.
 31937 | Vaults:1 | Noticed a lich
 31939 | Vaults:1 | Received a gift from Okawaru
 31956 | Vaults:1 | Killed a lich
 31994 | Vaults:1 | Received a gift from Okawaru
 32044 | Vaults:1 | Found Wudghumas's Distillery.
 32044 | Vaults:1 | Found Uduul's Antique Armour Boutique.
 32044 | Vaults:1 | Found Pailofri's Weapon Boutique.
 32054 | Vaults:1 | Bought a potion of might for 64 gold pieces
 32054 | Vaults:1 | Bought a potion of haste for 160 gold pieces
 32054 | Vaults:1 | Bought a potion of heal wounds for 80 gold pieces
 32089 | Vaults:1 | Identified the +0 hunting sling "Ilas" {venom, +Blink rElec
                  | rC+++ Int-2} (Okawaru gifted it to you on level 1 of the
                  | Vaults)
 32350 | Vaults:2 | Found a ruined gateway.
 32354 | Desolati | Entered the Desolation of Salt
 32810 | Desolati | Received a gift from Okawaru
 32842 | Desolati | Reached skill level 5 in Invocations
 32878 | Desolati | Reached skill level 10 in Dodging
 32927 | Desolati | Reached XP level 20. HP: 72/136 MP: 16/23
 32938 | Desolati | Got a fine demon blade
 32950 | Desolati | Identified Sif Muna's Guide on Stolen Souls and Poison
 32957 | Desolati | Identified the Disquisition on Enchantment and Envenoming
 33019 | Desolati | Identified the cursed +1 demon blade "Qoduv" {elec, rN+
                  | Will+ Dex+2} (You found it in the Desolation of Salt)
 33231 | Desolati | Received a gift from Okawaru
 33241 | Desolati | Got an amethyst-encrusted leather armour
 33255 | Desolati | Identified the +2 leather armour of the Wild Haggis {Will+}
                  | (You found it in the Desolation of Salt)
 33286 | Desolati | Identified the Incunabulum of Supportive Glamour
 33472 | Desolati | Found the +4 Cigotuvi's embrace {rMiasma *Drain rN+}
 33473 | Desolati | Found the +2 robe of Vines {NoPotionHeal Regen+7}
 33640 | Vaults:2 | Received a gift from Okawaru
 33971 | Vaults:2 | Received a gift from Okawaru
 34022 | Vaults:2 | Got a masterwork buckler {god gift}
 34033 | Vaults:2 | Identified the +3 buckler "Ogublox" {rC+ SInv} (Okawaru
                  | gifted it to you on level 2 of the Vaults)
 34218 | Vaults:2 | Learned a level 1 spell: Apportation
 34757 | Vaults:2 | Found a staircase to the Crypt.
 35615 | Vaults:3 | Identified the Tome of Fiery Attacks
 35708 | Vaults:3 | Received a gift from Okawaru
 35911 | Vaults:3 | Got a shimmering hand axe
 35912 | Vaults:3 | Identified the +6 hand axe "Luhatuc" {speed, +Blink rF-
                  | Dex+7 Stlth+} (You found it on level 3 of the Vaults)
 36033 | Vaults:3 | Reached XP level 21. HP: 134/144 MP: 22/24
 36054 | Vaults:3 | Reached skill level 1 in Axes
 37395 | Vaults:4 | Noticed Sojobo
 37424 | Vaults:4 | Killed Sojobo
 37443 | Vaults:4 | Found a magical portal.
 37450 | WizLab   | Entered Wucad Mu's Monastery
 37757 | WizLab   | Found the +9 staff of Wucad Mu {*channel}
 37965 | WizLab   | Reached XP level 22. HP: 106/151 MP: 24/31
 38431 | Vaults:4 | Received a gift from Okawaru
 38432 | Vaults:4 | Found the +3 sling "Punk" {acid, rCorr}
 39166 | Vaults:4 | Received a gift from Okawaru
 39438 | Vaults:5 | Entered Level 5 of the Vaults
 39596 | Vaults:5 | Noticed a golden dragon
 39622 | Vaults:4 | Received a gift from Okawaru
 40222 | Elf:1    | Entered Level 1 of the Elven Halls
 40587 | Elf:1    | Reached XP level 23. HP: 142/158 MP: 28/32
 41352 | Elf:2    | Found Zaleth's Magic Scroll Boutique.
 41410 | Elf:2    | Found Xiad's Weapon Shop.
 41724 | Elf:2    | Found a huge runed translucent gate.
 41724 | Elf:2    | Found a huge runed translucent gate.
 41724 | Elf:2    | Found a huge runed translucent gate.
 41724 | Elf:2    | Found a huge runed translucent gate.
 41724 | Elf:2    | Found a huge runed translucent gate.
 41830 | Elf:2    | Noticed Asterion
 41861 | Elf:2    | Killed Asterion
 41906 | Elf:2    | Received a gift from Okawaru
 42266 | Elf:3    | Entered Level 3 of the Elven Halls
 43020 | Elf:3    | Cast into level 3 of the Abyss (a deep elf demonologist)
 43161 | Abyss:3  | Received a gift from Okawaru
 43450 | Abyss:3  | Got an abyssal rune of Zot
 43518 | Elf:3    | Escaped the Abyss
 43541 | Elf:3    | Received a gift from Okawaru
 43556 | Elf:3    | Identified the +7 flail "Nyoppodd" {drain, Stlth+}
 43573 | Elf:3    | Reached XP level 24. HP: 166/166 MP: 19/32
 43642 | Elf:3    | Found the +8 storm bow {elec, penet}
 43877 | Elf:3    | Got a sparkling wooden ring
 43878 | Elf:3    | Identified the ring of Ikehoi {Fire Int+4} (You found it on
                  | level 3 of the Elven Halls)
 44584 | Elf:3    | Got a faintly humming robe
 44708 | Elf:3    | Got a sheer robe {god gift}
 45003 | D:11     | Identified the cursed +1 robe of Precision Catastrophes
                  | {rF++} (You found it on level 3 of the Elven Halls)
 45017 | D:11     | Identified the +1 robe of the Prince of Darkness {Harm}
                  | (Okawaru gifted it to you on level 3 of the Elven Halls)
 45285 | Vaults:1 | Bought the +9 scales of the Dragon King {rPois rF+ rC+
                  | Will+} for 2995 gold pieces
 45285 | Vaults:1 | Found the +9 scales of the Dragon King {rPois rF+ rC+
                  | Will+}
 45295 | Vaults:1 | Bought a potion of ambrosia for 128 gold pieces
 45609 | Elf:2    | Bought a scroll of fog for 26 gold pieces
 45609 | Elf:2    | Bought a scroll of blinking for 97 gold pieces
 45609 | Elf:2    | Bought a scroll of enchant armour for 97 gold pieces
 45609 | Elf:2    | Bought a scroll of magic mapping for 45 gold pieces
 45609 | Elf:2    | Bought a scroll of teleportation for 39 gold pieces
 45902 | Depths:1 | Entered Level 1 of the Depths
 46348 | Depths:1 | Noticed a caustic shrike
 46354 | Depths:1 | Killed a caustic shrike
 46380 | Depths:1 | Got a twisted glaive
 46560 | Depths:1 | Identified the cursed +1 glaive of Spite {spect, rPois
                  | Int+3} (You found it on level 1 of the Depths)
 46657 | Depths:1 | Got a heavily runed platinum ring
 46658 | Depths:1 | Identified the cursed ring "Kymiu" {rF++ Str-4} (You found
                  | it on level 1 of the Depths)
 46758 | Depths:1 | Received a gift from Okawaru
 46951 | Depths:1 | Found a gateway to Hell.
 47209 | Depths:2 | Noticed a caustic shrike
 47241 | Depths:2 | Killed a caustic shrike
 47252 | Depths:2 | Received a gift from Okawaru
 47487 | Depths:2 | Found a one-way gate to the infinite horrors of the Abyss.
 47835 | Depths:2 | Noticed a caustic shrike
 47842 | Depths:2 | Killed a caustic shrike
 47876 | Depths:2 | Found the +8 glaive of the Guard {elec, spectral, AC+5}
 48196 | Depths:3 | Received a gift from Okawaru
 48242 | Depths:2 | Reached XP level 25. HP: 173/173 MP: 32/32
 48280 | Depths:2 | Received a gift from Okawaru
 48450 | Depths:3 | Found a one-way gate leading to the halls of Pandemonium.
 48450 | Depths:3 | Noticed Louise
 48467 | Depths:3 | Killed Louise
 48588 | Depths:3 | Found Jeukhl Voqu's Armour Shop.
 48649 | Depths:3 | Noticed an ancient lich
 48677 | Depths:3 | Killed an ancient lich
 48783 | Depths:3 | Identified the Handbook of Evil Rites
 48805 | Depths:3 | Noticed Xtahua
 48815 | Depths:3 | Killed Xtahua
 49001 | Depths:4 | Received a gift from Okawaru
 49324 | Depths:4 | Received a gift from Okawaru
 49348 | Depths:4 | Found a gateway to a ziggurat.
 49742 | Depths:4 | Received a gift from Okawaru
 49818 | Depths:4 | Received a gift from Okawaru
 49819 | Depths:4 | Got a fine broad axe {god gift}
 50075 | Depths:4 | Identified the +8 broad axe "Jellybane" {pain, rPois Str-4
                  | SInv} (Okawaru gifted it to you on level 4 of the Depths)
 50142 | Depths:5 | Entered Level 5 of the Depths
 50325 | Depths:5 | Reached XP level 26. HP: 181/183 MP: 32/32
 50357 | Depths:5 | Noticed a juggernaut
 50378 | Depths:5 | Killed a juggernaut
 50545 | Depths:5 | Got a bloodstained leather armour
 50555 | Depths:5 | Received a gift from Okawaru
 50650 | Depths:5 | Identified the +0 leather armour "Amuawk" {rC- Dex+5} (You
                  | found it on level 5 of the Depths)
 50705 | Depths:5 | Reached skill level 15 in Armour
 51193 | Depths:5 | Found a gate to the Realm of Zot.
 52405 | Vaults:5 | Received a gift from Okawaru
 52702 | Vaults:5 | Received a gift from Okawaru
 52704 | Vaults:5 | Got a brightly glowing tower shield {god gift}
 52706 | Vaults:5 | Identified the +6 tower shield "Qaicibri" {rC+ Dex+2}
                  | (Okawaru gifted it to you on level 5 of the Vaults)
 52740 | Vaults:5 | Cast into level 5 of the Abyss (unwielding a weapon of
                  | distortion)
 52740 | Abyss:5  | Entered Level 5 of the Abyss
 52851 | Abyss:5  | Paralysed by accursed screaming for 1 turns
 52949 | Vaults:5 | Escaped the Abyss
 52995 | Vaults:5 | Noticed an ancient lich
 53023 | Vaults:5 | Killed an ancient lich
 53081 | Vaults:5 | Got a glimmering chain mail
 53092 | Vaults:5 | Identified the cursed +0 chain mail of Qicesisk {+Inv rC-
                  | Regen+} (You found it on level 5 of the Vaults)
 53244 | Vaults:5 | Reached XP level 27. HP: 119/189 MP: 32/32
 53443 | Vaults:5 | Identified the Compendium of Evil and the Glacier
 53453 | Vaults:5 | Got a silver rune of Zot
 53963 | Vaults:5 | Received a gift from Okawaru
 53971 | Vaults:5 | Identified the +6 arbalest of Discord {penet, +Inv rElec}
 54262 | Vaults:5 | Received a gift from Okawaru
 55166 | Elf:2    | Bought a scroll of identify for 26 gold pieces
 55166 | Elf:2    | Bought a scroll of identify for 26 gold pieces
 55166 | Elf:2    | Bought 3 scrolls of acquirement for 2028 gold pieces
 55166 | Elf:2    | Bought a scroll of identify for 26 gold pieces
 55387 | D:13     | Bought a scroll of enchant armour for 97 gold pieces
 55387 | D:13     | Bought a scroll of enchant weapon for 97 gold pieces
 55387 | D:13     | Bought a scroll of fear for 45 gold pieces
 55482 | Orc:1    | Bought a potion of resistance for 270 gold pieces
 55567 | D:11     | Acquired 1058 gold pieces
 55722 | Slime:1  | Entered Level 1 of the Pits of Slime
 56181 | Slime:5  | Entered Level 5 of the Pits of Slime
 56198 | Slime:5  | Received a gift from Okawaru
 56206 | Slime:5  | Got a faintly glowing morningstar {god gift}
 56219 | Slime:5  | Identified the +7 morningstar "Zaqod" {distort, rC+}
                  | (Okawaru gifted it to you on level 5 of the Pits of Slime)
 56277 | Slime:5  | Reached skill level 10 in Throwing
 56476 | Slime:5  | Reached skill level 15 in Dodging
 56579 | Slime:5  | Noticed the Royal Jelly
 56604 | Slime:5  | Killed the Royal Jelly
 56604 | Slime:5  | Received a gift from Okawaru
 56604 | Slime:5  | Received a gift from Okawaru
 56605 | Slime:5  | Found the +3 crown of Dyrovepreva {rElec Int+2 SInv}
 56864 | Slime:5  | Found the cursed necklace of Bloodlust {*Rage +Rage Will++
                  | Int-3 Slay+6 *Curse}
 56890 | Slime:5  | Got a slimy rune of Zot
 56922 | Slime:5  | Identified Rechuv's Tome of Gliding Ignition
 56947 | Slime:5  | Identified the Guide on Fiery Toxins
 56990 | Slime:5  | Identified the Incunabulum of the Bewitching Escort
 57015 | Slime:5  | Got a fine great sword
 57016 | Slime:5  | Identified the +12 great sword of Celogyw {freeze, Int+3
                  | Dex+6} (You found it on level 5 of the Pits of Slime)
 57148 | Slime:3  | Gained mutation: You do not regenerate when monsters are
                  | visible. [a shining eye]
 57152 | Slime:3  | Gained mutation: Your spells are a little easier to cast,
                  | but a little less powerful. [a shining eye]
 57501 | D:6      | Fell from the grace of Okawaru
 57501 | D:6      | Became a worshipper of the Shining One
 57783 | Crypt:1  | Entered Level 1 of the Crypt
 57872 | Crypt:1  | Reached * piety under the Shining One
 57966 | Crypt:1  | Reached ** piety under the Shining One
 58087 | Crypt:1  | Reached *** piety under the Shining One
 58499 | Crypt:1  | Reached **** piety under the Shining One
 58923 | Crypt:2  | Noticed Saint Roka
 58942 | Crypt:2  | Reached ***** piety under the Shining One
 58955 | Crypt:2  | Killed Saint Roka
 58978 | Crypt:2  | Noticed Khufu
 58981 | Crypt:2  | Noticed a royal mummy
 58992 | Crypt:2  | Killed Khufu
 58997 | Crypt:2  | Killed a royal mummy
 59193 | Crypt:2  | Noticed Frederick
 59201 | Crypt:2  | Killed Frederick
 59555 | Crypt:2  | Reached ****** piety under the Shining One
 60223 | Crypt:3  | Entered Level 3 of the Crypt
 60223 | Crypt:3  | Noticed Bai Suzhen
 60237 | Crypt:2  | Killed Bai Suzhen
 60635 | Crypt:3  | Found an ancient bone altar of Kikubaaqudgha.
 61080 | Crypt:3  | Got a twisted hunting sling
 61095 | Crypt:3  | Identified the +8 hunting sling of Compassion {venom, rElec
                  | rN+ Dex+4} (You found it on level 3 of the Crypt)
 61142 | Crypt:3  | Found a staircase to the Tomb.
 61625 | D:11     | Identified a +7 sacred scourge of holy wrath (a +5 demon
                  | whip of pain blessed by the Shining One)
 61625 | D:11     | Received a gift from the Shining One
 61916 | D:11     | Learned a level 2 spell: Swiftness
 62144 | Depths:1 | Was forgiven by Okawaru
 62205 | Hell     | Entered the Vestibule of Hell
 62205 | Hell     | Noticed Geryon
 62226 | Hell     | Killed Geryon
 62254 | Hell     | Found a gateway to the freezing wastes of Cocytus.
 62347 | Hell     | Found a gateway to the decaying netherworld of Tartarus.
 62415 | Hell     | Found a gateway to the ashen valley of Gehenna.
 62446 | Hell     | Noticed Murray
 62461 | Hell     | Killed Murray
 62507 | Hell     | Found a gateway to the Iron City of Dis.
 62612 | Coc:1    | Entered Level 1 of Cocytus
 63378 | Coc:7    | Entered Level 7 of Cocytus
 63515 | Coc:7    | Noticed Antaeus
 63555 | Coc:7    | Killed Antaeus
 63905 | Coc:7    | Found the +8 Wrath of Trog {antimagic, *Rage}
 63936 | Coc:7    | Got an icy rune of Zot
 64092 | Tar:1    | Entered Level 1 of Tartarus
 65610 | Tar:7    | Entered Level 7 of Tartarus
 66011 | Tar:7    | Reached skill level 10 in Invocations
 66023 | Tar:7    | Reached skill level 27 in Fighting
 66042 | Tar:7    | Got a dazzling fustibalus
 66984 | Tar:7    | Noticed Ereshkigal
 67014 | Tar:7    | Killed Ereshkigal
 67026 | Tar:7    | Found the +3 pair of gauntlets of War {Slay+5}
 67037 | Tar:7    | Got a bone rune of Zot
 67038 | Tar:7    | Identified Sif Muna's Handbook of Fiery Transmigration
 67079 | Tar:7    | Identified the cursed +0 fustibalus "Hezxijuc" {flame,
                  | rElec rC++ Int-2 Dex+2} (You found it on level 7 of
                  | Tartarus)
 67287 | Dis:1    | Entered Level 1 of the Iron City of Dis
 68105 | Dis:7    | Entered Level 7 of the Iron City of Dis
 68349 | Dis:7    | Got a pitted arbalest
 68522 | Dis:7    | Noticed the Serpent of Hell
 68539 | Dis:7    | Killed the Serpent of Hell
 68770 | Dis:7    | Found the +4 staff of Dispater
 68770 | Dis:7    | Noticed Dispater
 68799 | Dis:7    | Killed Dispater
 68874 | Dis:7    | Identified the Disquisition on Destructive Shape Shifting
 68881 | Dis:7    | Got an iron rune of Zot
 68895 | Dis:7    | Found the +2 hat of the Bear Spirit {Spirit, +Rage rN+
                  | Will++}
 69106 | Dis:7    | Reached skill level 27 in Shields
 69489 | Geh:1    | Entered Level 1 of Gehenna
 69489 | Geh:1    | Found a huge runed gate.
 69489 | Geh:1    | Found a huge runed gate.
 69489 | Geh:1    | Found a huge runed gate.
 69489 | Geh:1    | Found a huge runed gate.
 69489 | Geh:1    | Found a huge runed gate.
 69489 | Geh:1    | Found a huge runed gate.
 69489 | Geh:1    | Found a huge runed gate.
 69489 | Geh:1    | Found a huge runed gate.
 69489 | Geh:1    | Found a huge runed gate.
 69490 | Geh:1    | Found a huge runed gate.
 69514 | Geh:1    | Found a huge runed gate.
 69514 | Geh:1    | Found a huge runed gate.
 69516 | Geh:1    | Found a huge runed gate.
 69516 | Geh:1    | Found a huge runed gate.
 69664 | Geh:1    | Found a huge runed gate.
 70003 | D:11     | Identified the cursed +2 arbalest "Yjawn" {freeze, rElec
                  | rC- rN+ Dex+4} (You found it on level 7 of the Iron City of
                  | Dis)
 71082 | Geh:7    | Entered Level 7 of Gehenna
 71955 | Geh:7    | Identified Tynoval's Compendium of Lightness and Moulding
 71958 | Geh:7    | Got a scorched fustibalus
 71963 | Geh:7    | Identified the +9 fustibalus of the Five Eyes {venom,
                  | Str+6} (You found it on level 7 of Gehenna)
 72084 | Geh:7    | Found the +7 sceptre of Asmodeus
 72084 | Geh:7    | Noticed Asmodeus
 72098 | Geh:7    | Killed Asmodeus
 72124 | Geh:7    | Got a crude bone ring
 72138 | Geh:7    | Found the brooch of Shielding {Spirit SH+8}
 72161 | Geh:7    | Got an obsidian rune of Zot
 72209 | Geh:7    | Got a fine plate armour
 72246 | Geh:7    | Identified the +6 plate armour of Charity {Dex+2} (You
                  | found it on level 7 of Gehenna)
 72263 | Geh:7    | Got a crystal battleaxe
 72300 | Geh:7    | Identified the +4 battleaxe "Laibara" {vorpal, Str+6} (You
                  | found it on level 7 of Gehenna)
 72308 | Geh:7    | Identified the ring of Fivoecs {Int+3 Stlth-} (You found it
                  | on level 7 of Gehenna)
 73018 | Zig:1    | Entered Level 1 of a ziggurat
 73040 | Zig:2    | Entered Level 2 of a ziggurat
 73076 | Zig:3    | Entered Level 3 of a ziggurat
 73112 | Zig:3    | Identified the Almanac of Creative Heat
 73121 | Zig:4    | Entered Level 4 of a ziggurat
 73132 | Zig:4    | Noticed Gucat the pandemonium lord
 73155 | Zig:4    | Killed Gucat the pandemonium lord
 73172 | Zig:4    | Got a crude bronze amulet
 73179 | Zig:4    | Identified the amulet of Dogma {Faith Will+} (You found it
                  | on level 4 of a ziggurat)
 73274 | Zig:5    | Entered Level 5 of a ziggurat
 73342 | Zig:6    | Entered Level 6 of a ziggurat
 73405 | Zig:7    | Entered Level 7 of a ziggurat
 73440 | Zig:7    | Got a dazzling falchion
 73456 | Zig:7    | Identified the +12 falchion "Tutur" {flame, rPois} (You
                  | found it on level 7 of a ziggurat)
 73459 | Zig:8    | Entered Level 8 of a ziggurat
 73512 | Zig:8    | Found the ring of the Tortoise {AC+8}
 73522 | Zig:8    | Reached skill level 5 in Slings
 73547 | Zig:9    | Entered Level 9 of a ziggurat
 73551 | Zig:9    | Noticed Qotanoc the pandemonium lord
 74040 | Depths:2 | Voluntarily entered the Abyss.
 74526 | Abyss:1  | Found a burning altar of Makhleb.
 74999 | Abyss:2  | Got a shimmering ring mail
 75008 | Abyss:2  | Identified the +0 ring mail of Wehezos {rCorr MP+9 Str+2
                  | Dex+4} (You found it on level 2 of the Abyss)
 75507 | Abyss:3  | Found a corrupted altar of Lugonu.
 75518 | Abyss:3  | Got an ancient mace
 75519 | Abyss:3  | Identified the cursed +3 mace "Uwalol" {flame, rElec Str+3
                  | Int+3 Dex-5} (You found it on level 3 of the Abyss)
 75896 | Abyss:3  | Got an ancient ring mail
 76336 | Abyss:3  | Reached skill level 27 in Maces & Flails
 76344 | Abyss:3  | Gained mutation: Your spells are easier to cast, but less
                  | powerful. [a neqoxec]
 76345 | Abyss:3  | Gained mutation: Your magical capacity is low. (-10% MP) [a
                  | neqoxec]
 76600 | Abyss:4  | Learned a level 2 spell: Passwall
 76868 | Abyss:4  | Identified the +4 ring mail of Asosm {rElec MP+9} (You
                  | found it on level 3 of the Abyss)
 77279 | Abyss:4  | Gained mutation: You are clumsy. (Dex -2) [a cacodemon]
 77533 | Abyss:4  | Gained mutation: Potions are less effective at restoring
                  | your health. [a neqoxec]
 77598 | Abyss:5  | Entered Level 5 of the Abyss
 77598 | Abyss:5  | Found a corrupted altar of Lugonu.
 77692 | Abyss:5  | Found a corrupted altar of Lugonu.
 78008 | Abyss:5  | Gained mutation: Your body sometimes deteriorates upon
                  | taking damage. [a neqoxec]
 78017 | Depths:2 | Escaped the Abyss
 78172 | D:11     | Acquired the +5 pair of boots of Xom's Inspiration {Rampage
                  | rC- Str+4}
 78192 | D:11     | Lost mutation: Your body sometimes deteriorates upon taking
                  | damage. [potion of mutation]
 78192 | D:11     | Lost mutation: Your magical capacity is low. (-10% MP)
                  | [potion of mutation]
 78192 | D:11     | Gained mutation: Your flesh is heat resistant. (rF+)
                  | [potion of mutation]
 78193 | D:11     | Lost mutation: Potions are less effective at restoring your
                  | health. [potion of mutation]
 78193 | D:11     | Lost mutation: You are clumsy. (Dex -2) [potion of
                  | mutation]
 78193 | D:11     | Lost mutation: Your flesh is heat resistant. (rF+) [potion
                  | of mutation]
 78193 | D:11     | Lost mutation: You do not regenerate when monsters are
                  | visible. [potion of mutation]
 78193 | D:11     | Gained mutation: You have a pair of small antennae on your
                  | head. [potion of mutation]
 78193 | D:11     | Gained mutation: You are partially covered in rugged brown
                  | scales. (AC +1, +3% HP) [potion of mutation]
 78193 | D:11     | Gained mutation: Your flesh is heat resistant. (rF+)
                  | [potion of mutation]
 78198 | D:11     | Acquired the amulet of Tonagheich {Acrobat Int+4 SInv}
 78199 | D:11     | Acquired a manual of Evocations
 78381 | Pan      | Entered Pandemonium
 78384 | Pan      | Identified the cursed +0 scale mail "Pyvvaicw" {Str+4
                  | Dex+3} (You found it in Pandemonium)
 78736 | Pan      | Reached skill level 10 in Spellcasting
 78792 | Pan      | Found an exit through the horrors of the Abyss.
 78909 | Pan      | Gained mutation: You tend to lose your temper in combat. [a
                  | neqoxec]
 79015 | Pan      | Noticed Keloghos the pandemonium lord
 79035 | Pan      | Killed Keloghos the pandemonium lord
 79197 | Pan      | Got a demonic rune of Zot
 79229 | Pan      | Gained mutation: Your magical capacity is low. (-10% MP) [a
                  | neqoxec]
 79402 | Pan      | Noticed Guuregho the pandemonium lord
 79412 | Pan      | Killed Guuregho the pandemonium lord
 79736 | Pan      | Found a white marble altar of Elyvilon.
 80266 | Pan      | Found a glowing silver altar of Zin.
 80708 | Pan      | Identified the +3 leather armour of Forking Paths {+Fly
                  | Slay+3}
 80825 | Pan      | Identified the cursed +1 robe "Noicidd" {rPois Regen+ Int-3
                  | Slay+5}
 80967 | Pan      | Reached skill level 15 in Invocations
 81326 | Pan      | Noticed a seraph
 81352 | Pan      | Killed a seraph
 81636 | Pan      | Identified the +5 long sword of Tumult {elec, rC+ Dex-2
                  | Stlth+}
 81636 | Pan      | Identified the cursed +1 plate armour of the Orb {rF- Int+2
                  | Slay+6}
 81637 | Pan      | Found a glowing golden altar of the Shining One.
 81677 | Pan      | Identified Loypt's Papyrus of Harmful Calling
 81696 | Pan      | Identified the cursed +0 flail of Doom {vamp, +Inv rF+}
                  | (You found it in Pandemonium)
 81698 | Pan      | Identified the +4 falchion "Saeleoc" {vorpal, +Rage Dex+4
                  | SInv} (You found it in Pandemonium)
 81701 | Pan      | Identified the +1 ring mail "Dirat" {rPois rF- rN++ Regen+}
                  | (You found it in Pandemonium)
 81785 | Depths:3 | Escaped Pandemonium
 81993 | D:11     | Lost mutation: You are partially covered in rugged brown
                  | scales. (AC +1, +3% HP) [potion of mutation]
 81993 | D:11     | Gained mutation: Your spells are much easier to cast, but
                  | much less powerful. [potion of mutation]
 81993 | D:11     | Gained mutation: You are partially covered in large bone
                  | plates. (SH +4) [potion of mutation]
 81994 | D:11     | Lost mutation: Your magical capacity is low. (-10% MP)
                  | [potion of mutation]
 81994 | D:11     | Lost mutation: You tend to lose your temper in combat.
                  | [potion of mutation]
 81994 | D:11     | Gained mutation: You have supernaturally acute eyesight.
                  | (SInv) [potion of mutation]
 81994 | D:11     | Gained mutation: You are robust. (+10% HP) [potion of
                  | mutation]
 82167 | Pan      | Entered Pandemonium
 82298 | Pan      | Found a transporter.
 82484 | Pan      | Found an exit through the horrors of the Abyss.
 83251 | Pan      | Noticed Leriunta the pandemonium lord
 83262 | Pan      | Killed Leriunta the pandemonium lord
 83742 | Pan      | Noticed Licuel the pandemonium lord
 83816 | Pan      | Killed Licuel the pandemonium lord
 84178 | Pan      | Found an exit through the horrors of the Abyss.
 84314 | Pan      | Identified the +1 ring mail "Xalli" {+Inv rElec Int+9
                  | Slay-6} (You found it in Pandemonium)
 84496 | Pan      | Noticed Himm the pandemonium lord
 84506 | Pan      | Killed Himm the pandemonium lord
 84913 | Pan      | Gained mutation: Potions are less effective at restoring
                  | your health. [a neqoxec]
 84931 | Pan      | Reached skill level 15 in Throwing
 85163 | Pan      | Noticed Humyagh the pandemonium lord
 85170 | Pan      | Killed Humyagh the pandemonium lord
 85424 | Pan      | Entered the realm of Mnoleg.
 85457 | Pan      | Found an exit through the horrors of the Abyss.
 85467 | Pan      | Lost mutation: You are robust. (+10% HP) [a cacodemon]
 85501 | Pan      | Lost mutation: Your spells are much easier to cast, but
                  | much less powerful. [a cacodemon]
 85704 | Pan      | Gained mutation: You do not regenerate when monsters are
                  | visible. [a neqoxec]
 85850 | Pan      | Paralysed by a floating eye for 2 turns
 85877 | Pan      | Gained mutation: You are frail. (-10% HP) [a cacodemon]
 85913 | Pan      | Lost mutation: Potions are less effective at restoring your
                  | health. [potion of mutation]
 85913 | Pan      | Lost mutation: You are frail. (-10% HP) [potion of
                  | mutation]
 85913 | Pan      | Lost mutation: Your flesh is heat resistant. (rF+) [potion
                  | of mutation]
 85913 | Pan      | Lost mutation: You have supernaturally acute eyesight.
                  | (SInv) [potion of mutation]
 85913 | Pan      | Gained mutation: Your mind is acute. (Int +2) [potion of
                  | mutation]
 85913 | Pan      | Gained mutation: You are covered in fur. (AC +1) [potion of
                  | mutation]
 85913 | Pan      | Gained mutation: Scrolls take you a little longer to read.
                  | [potion of mutation]
 85913 | Pan      | Gained mutation: Your flesh is cold resistant. (rC+)
                  | [potion of mutation]
 85914 | Pan      | Lost mutation: Your mind is acute. (Int +2) [potion of
                  | mutation]
 85914 | Pan      | Lost mutation: Scrolls take you a little longer to read.
                  | [potion of mutation]
 85914 | Pan      | Gained mutation: You are surrounded by a mild repulsion
                  | field. (EV +2) [potion of mutation]
 85914 | Pan      | Lost mutation: Your spells are easier to cast, but less
                  | powerful. [potion of mutation]
 85914 | Pan      | Lost mutation: You do not regenerate when monsters are
                  | visible. [potion of mutation]
 86034 | Pan      | Noticed Mnoleg
 86048 | Pan      | Killed Mnoleg
 86065 | Pan      | Gained mutation: You are weak. (Str -2) [a neqoxec]
 86067 | Pan      | Gained mutation: You are very weak. (Str -4) [a neqoxec]
 86105 | Pan      | Got a thick robe
 86161 | Pan      | Got a glowing rune of Zot
 86206 | Pan      | Identified the +1 robe "Baluzure" {Str+4} (You found it in
                  | Pandemonium)
 86218 | Pan      | Entered the realm of Lom Lobon.
 86402 | Pan      | Found an exit through the horrors of the Abyss.
 86833 | Pan      | Noticed Lom Lobon
 86851 | Pan      | Killed Lom Lobon
 86859 | Pan      | Got a magical rune of Zot
 87093 | Pan      | Noticed Iminiupp the pandemonium lord
 87110 | Pan      | Killed Iminiupp the pandemonium lord
 87651 | Pan      | Noticed Peibeomp the pandemonium lord
 87652 | Pan      | Gained mutation: Your magical capacity is low. (-10% MP) [a
                  | cacodemon]
 87657 | Pan      | Killed Peibeomp the pandemonium lord
 87657 | Pan      | Gained mutation: Scrolls take you a little longer to read.
                  | [a neqoxec]
 87659 | Pan      | Gained mutation: You occasionally shout uncontrollably at
                  | your foes. [a neqoxec]
 87665 | Pan      | Gained mutation: Scrolls take you longer to read. [a
                  | neqoxec]
 87838 | Pan      | Found an exit through the horrors of the Abyss.
 87861 | Pan      | Noticed Mennas
 87883 | Pan      | Killed Mennas
 88351 | Pan      | Entered the realm of Gloorx Vloq.
 89074 | Pan      | Noticed Gloorx Vloq
 89087 | Pan      | Killed Gloorx Vloq
 89108 | Pan      | Got a dark rune of Zot
 89327 | Pan      | Noticed Gashiydo the pandemonium lord
 89358 | Pan      | Killed Gashiydo the pandemonium lord
 90052 | Pan      | Entered the realm of Cerebov.
 90212 | Pan      | Found an exit through the horrors of the Abyss.
 90597 | Pan      | Identified the +8 hand axe "Muhot" {venom, Int+2}
 90597 | Pan      | Identified the ring of Democracy {+Inv MP-9 Str+8 Dex+6
                  | Slay+3}
 90606 | Pan      | Found the +6 sword of Cerebov {flame}
 90606 | Pan      | Noticed Cerebov
 90635 | Pan      | Killed Cerebov
 90788 | Pan      | Identified the Compendium of Enchanting Changing
 90820 | Pan      | Identified the ring "Kuoruf" {+Fly rN+ Str+4 Int+6} (You
                  | found it in Pandemonium)
 90842 | Pan      | Identified the Collected Works on Stolen Souls and Snow
 90871 | Pan      | Identified the +1 ring mail of the Tundras {rCorr Str+10}
                  | (You found it in Pandemonium)
 90945 | Pan      | Identified the Volume of Mutagenic Flight
 90959 | Pan      | Identified the +3 plate armour "Dungukuw" {Str+4} (You
                  | found it in Pandemonium)
 90999 | Pan      | Identified Sif Muna's Tome of Damage Dealing
 91032 | Pan      | Got a fiery rune of Zot
 91116 | Pan      | Took an exit into the Abyss.
 91116 | Abyss:1  | Escaped into the Abyss
 91185 | Depths:3 | Escaped the Abyss
 91366 | D:11     | Lost mutation: You are very weak. (Str -4) [potion of
                  | mutation]
 91366 | D:11     | Lost mutation: You are weak. (Str -2) [potion of mutation]
 91366 | D:11     | Gained mutation: Armour fits poorly on your strangely
                  | shaped body. [potion of mutation]
 91366 | D:11     | Gained mutation: You are strong-willed. (Will+) [potion of
                  | mutation]
 91366 | D:11     | Gained mutation: You expend magic power (3 MP) to
                  | strengthen your wands. [potion of mutation]
 91367 | D:11     | Lost mutation: Scrolls take you longer to read. [potion of
                  | mutation]
 91367 | D:11     | Lost mutation: Your spells are a little easier to cast, but
                  | a little less powerful. [potion of mutation]
 91367 | D:11     | Lost mutation: You expend magic power (3 MP) to strengthen
                  | your wands. [potion of mutation]
 91367 | D:11     | Gained mutation: You have a beak for a mouth. [potion of
                  | mutation]
 91367 | D:11     | Lost mutation: Your magical capacity is low. (-10% MP)
                  | [potion of mutation]
 91368 | D:11     | Lost mutation: You are covered in fur. (AC +1) [potion of
                  | mutation]
 91368 | D:11     | Lost mutation: Armour fits poorly on your strangely shaped
                  | body. [potion of mutation]
 91368 | D:11     | Gained mutation: You are agile. (Dex +2) [potion of
                  | mutation]
 91368 | D:11     | Gained mutation: You are partially covered in thin metallic
                  | scales. (AC +2) [potion of mutation]
 91368 | D:11     | Lost mutation: Scrolls take you a little longer to read.
                  | [potion of mutation]
 91369 | D:11     | Lost mutation: You occasionally shout uncontrollably at
                  | your foes. [potion of mutation]
 91369 | D:11     | Lost mutation: You are agile. (Dex +2) [potion of mutation]
 91369 | D:11     | Lost mutation: You have a pair of small antennae on your
                  | head. [potion of mutation]
 91369 | D:11     | Lost mutation: You are strong-willed. (Will+) [potion of
                  | mutation]
 91369 | D:11     | Gained mutation: You have large cloven feet. [potion of
                  | mutation]
 91369 | D:11     | Gained mutation: You evolve. [potion of mutation]
 91573 | D:13     | Gained mutation: You expend magic power (3 MP) to
                  | strengthen your wands. [evolution]
 91743 | Tomb:1   | Entered Level 1 of the Tomb of the Ancients
 91959 | Tomb:1   | Identified the +7 flail "Yxyiv" {vorpal, Will+ Str+3} (You
                  | found it on level 1 of the Tomb of the Ancients)
 92094 | Tomb:1   | Noticed a royal mummy
 92102 | Tomb:1   | Killed a royal mummy
 92103 | Tomb:1   | Reached skill level 27 in Armour
 92105 | Tomb:1   | Reached skill level 15 in Spellcasting
 92108 | Tomb:1   | Noticed a royal mummy
 92290 | Tomb:1   | Killed a royal mummy
 92291 | Tomb:1   | Noticed a royal mummy
 92297 | Tomb:1   | Killed a royal mummy
 92642 | Tomb:1   | Noticed a royal mummy
 92646 | Tomb:1   | Killed a royal mummy
 92650 | Tomb:1   | Noticed a royal mummy
 92660 | Tomb:1   | Killed a royal mummy
 92664 | Tomb:1   | Noticed a royal mummy
 92667 | Tomb:1   | Noticed a royal mummy
 92668 | Tomb:1   | Killed a royal mummy
 92672 | Tomb:1   | Noticed a royal mummy
 92672 | Tomb:1   | Noticed a royal mummy
 92676 | Tomb:1   | Killed a royal mummy
 92687 | Tomb:1   | Killed a royal mummy
 92695 | Tomb:1   | Killed a royal mummy
 92847 | Tomb:1   | Noticed a royal mummy
 92855 | Tomb:1   | Killed a royal mummy
 92869 | Tomb:1   | Noticed a royal mummy
 92871 | Tomb:1   | Noticed a royal mummy
 92876 | Tomb:1   | Killed a royal mummy
 92883 | Tomb:1   | Noticed a royal mummy
 92884 | Tomb:1   | Killed a royal mummy
 92889 | Tomb:1   | Noticed a royal mummy
 92893 | Tomb:1   | Killed a royal mummy
 92895 | Tomb:1   | Killed a royal mummy
 92907 | Tomb:1   | Noticed a royal mummy
 92909 | Tomb:1   | Noticed a royal mummy
 92915 | Tomb:1   | Killed a royal mummy
 92920 | Tomb:1   | Killed a royal mummy
 92924 | Tomb:1   | Noticed a royal mummy
 92925 | Tomb:1   | Noticed a royal mummy
 92931 | Tomb:1   | Killed a royal mummy
 92944 | Tomb:1   | Killed a royal mummy
 92945 | Tomb:1   | Noticed a royal mummy
 92952 | Tomb:1   | Killed a royal mummy
 92955 | Tomb:1   | Noticed a royal mummy
 92958 | Tomb:1   | Noticed a royal mummy
 92961 | Tomb:1   | Killed a royal mummy
 92972 | Tomb:1   | Killed a royal mummy
 92984 | Tomb:1   | Noticed a royal mummy
 92990 | Tomb:1   | Killed a royal mummy
 92995 | Tomb:1   | Noticed a royal mummy
 92999 | Tomb:1   | Gained mutation: You are weak. (Str -2) [evolution]
 93010 | Tomb:1   | Killed a royal mummy
 93044 | Tomb:1   | Noticed a royal mummy
 93052 | Tomb:1   | Killed a royal mummy
 93054 | Tomb:1   | Noticed a royal mummy
 93061 | Tomb:1   | Killed a royal mummy
 93160 | Tomb:2   | Noticed a royal mummy
 93166 | Tomb:2   | Killed a royal mummy
 93181 | Tomb:2   | Noticed a royal mummy
 93192 | Tomb:2   | Killed a royal mummy
 93197 | Tomb:2   | Noticed a royal mummy
 93200 | Tomb:2   | Killed a royal mummy
 93201 | Tomb:2   | Noticed a royal mummy
 93207 | Tomb:2   | Killed a royal mummy
 93807 | Tomb:3   | Entered Level 3 of the Tomb of the Ancients
 93815 | Tomb:3   | Noticed a royal mummy
 93816 | Tomb:3   | Noticed a royal mummy
 93961 | Tomb:3   | Noticed an ancient lich
 93961 | Tomb:3   | Noticed a royal mummy
 93961 | Tomb:3   | Noticed a royal mummy
 93962 | Tomb:3   | Noticed a royal mummy
 93965 | Tomb:3   | Reached skill level 5 in Evocations
 93965 | Tomb:3   | Killed an ancient lich
 93966 | Tomb:3   | Noticed a royal mummy
 93966 | Tomb:3   | Noticed a royal mummy
 93967 | Tomb:3   | Noticed a royal mummy
 93973 | Tomb:3   | Killed a royal mummy
 94014 | Tomb:3   | Killed a royal mummy
 94023 | Tomb:3   | Got a fine battleaxe
 94033 | Tomb:3   | Got a golden rune of Zot
 94041 | Tomb:3   | Killed a royal mummy
 94471 | D:11     | Identified the +5 battleaxe "Lifebane" {antimagic, *Rage
                  | rN+++ SInv} (You found it on level 3 of the Tomb of the
                  | Ancients)
 94774 | Zot:1    | Entered Level 1 of the Realm of Zot
 95452 | Zot:4    | Got a sheer robe
 95460 | Zot:4    | Identified the +1 robe of Nihilism {MP+9} (You found it on
                  | level 4 of the Realm of Zot)
 95755 | Zot:4    | Gained mutation: You possess an exceptional clarity of
                  | mind. [evolution]
 96011 | Zot:4    | Found a runed translucent door.
 96016 | Zot:4    | Noticed Pepteco's ghost (veteran MiFi)
 96027 | Zot:4    | Killed Pepteco's ghost
 96035 | Zot:4    | Identified the amulet "Bonuom" {Inacc rF- rC+ Dex+4 SInv}
                  | (You found it on level 4 of the Realm of Zot)
 96063 | Zot:4    | Noticed an orb of fire
 96063 | Zot:4    | Gained mutation: You occasionally shout uncontrollably at
                  | your foes. [an orb of fire]
 96063 | Zot:4    | Gained mutation: Your natural rate of healing is unusually
                  | fast. [an orb of fire]
 96067 | Zot:4    | Killed an orb of fire
 96158 | Zot:5    | Entered Level 5 of the Realm of Zot
 96158 | Zot:5    | Noticed an orb of fire
 96159 | Zot:5    | Lost mutation: Your flesh is cold resistant. (rC+) [an orb
                  | of fire]
 96162 | Zot:5    | Lost mutation: Your natural rate of healing is unusually
                  | fast. [an orb of fire]
 96171 | Zot:5    | Gained mutation: Scrolls take you a little longer to read.
                  | [an orb of fire]
 96175 | Zot:5    | Killed an orb of fire
 96188 | Zot:4    | Lost mutation: Scrolls take you a little longer to read.
                  | [potion of mutation]
 96188 | Zot:4    | Lost mutation: You have large cloven feet. [potion of
                  | mutation]
 96188 | Zot:4    | Lost mutation: You are surrounded by a mild repulsion
                  | field. (EV +2) [potion of mutation]
 96188 | Zot:4    | Lost mutation: You occasionally shout uncontrollably at
                  | your foes. [potion of mutation]
 96188 | Zot:4    | Lost mutation: You are weak. (Str -2) [potion of mutation]
 96188 | Zot:4    | Gained mutation: You are strong-willed. (Will+) [potion of
                  | mutation]
 96670 | Zot:5    | Noticed an ancient lich
 96686 | Zot:5    | Killed an ancient lich
 96690 | Zot:5    | Noticed an ancient lich
 96701 | Zot:5    | Killed an ancient lich
 96728 | Zot:5    | Noticed an orb of fire
 96737 | Zot:5    | Gained mutation: You are dopey. (Int -2) [an orb of fire]
 96754 | Zot:5    | Paralysed by a Zot trap for 5 turns
 96775 | Zot:5    | HP: 5/199 [orb of fire/bolt of fire (39)]
 97098 | Zot:5    | Gained mutation: You are clumsy. (Dex -2) [an orb of fire]
 97114 | Zot:4    | Killed an orb of fire
 97403 | Zot:5    | Got the Orb of Zot
 98021 | D:7      | Noticed Dammay the pandemonium lord
 98147 | D:$      | Escaped with the Orb!

Illustrated notes

Levels and vault maps discovered:
D:1:      co_arrival_square_in_a_square_in_a_square, layout_loops_corners,
          nemelex_xobeh_ov_fountains_minmay
D:2:      layout_basic, vehumet_crystals, lemuel_crystal_altar, minivault_23
D:3:      layout_rooms, lemuel_coloured_pillars_altar
D:4:      layout_loops_cross, tgw_trog, serial_aquarium,
          aquarium_bridge_long_joined [aquarium_subvault_bridge,
          aquarium_subvault_wall, aquarium_subvault_bridge,
          aquarium_subvault_window, aquarium_subvault_bridge,
          aquarium_subvault_bridge], aquarium_window_corner,
          aquarium_window_corridor_2, aquarium_window_1, aquarium_window_2,
          aquarium_view_2d, nrook_campfire, wad_rectangle_vault
D:5:      layout_gridville, gammafunk_ghost_nasty_kobolds, lemuel_old_faithful
D:6:      layout_loops_cross, tso_altar
D:7:      layout_rooms, lemuel_round_altar, minmay_temple_entry_wispy,
          minmay_misc_feat_four_crosses, nicolae_ru_path_of_blood
D:8:      cheibrodos_statue_roulette, layout_loops_ring, gammafunk_ghost_ooze
D:9:      layout_basic, nicolae_dithmenos_shadow_blocks, uniq_joseph, uniq_grum
D:10:     layout_gridville
D:11:     layout_long_grid, dpeg_oklobed_lair, minmay_orc_entry_temple_small,
          hangedman_decor_lopped, minmay_misc_feat_iff,
          kennysheep_generic_room_10
D:12:     layout_roguey, uniq_snorg, uniq_frances, uniq_rupert
D:13:     layout_small_grid, serial_shops, kennysheep_little_box,
          kennysheep_path_1
D:14:     layout_layer_cave, david_vaults_3, kennysheep_doodads
D:15:     hangedman_depths_entry_civil_slaughter, layout_basic,
          nicolae_twisting_strands, minivault_25
Temple:   eino_temple_rhombus
Lair:1:   layout_cave_pods, ebering_ghost_funeral_grove, serial_bayou_lagoon_b,
          lemuel_fruit_tree, infiniplex_staircase_pool_2, grunt_megastairs_5
Lair:2:   layout_long_grid, nicolae_swamp_entry_splash_gauntlet,
          spider_nest_entry_web_field, portal_ice_cave_entry_ice_beasts,
          beast_lair_carwin_2, infiniplex_staircase_pool
Lair:3:   layout_cave_pods, beast_lair_carwin_1
Lair:4:   layout_regular_city, nicolae_volcano_entry_batcave, grunt_megastairs_2
Lair:5:   layout_roguey, dpeg_oklob_1, lemuel_fruit_fields
Lair:6:   minmay_lair_end_enchanted_forest, layout_cave_pods,
          dpeg_slime_entry_enclosed_altar
Swamp:1:  layout_falls_marsh, evilmike_swamp_ruin_house_1, swamp_pool4
Swamp:2:  layout_falls_marsh, evilmike_swamp_ruin_house_6
Swamp:3:  layout_falls_marsh, evilmike_swamp_ruin_rubble_2, swamp_pool1,
          nicolae_swamp_dense_foliage, uniq_kirke
Swamp:4:  swamp_vile, layout_basic_swamp, swamp_pool4
Spider:1: layout_spider_delve
Spider:2: layout_spider_delve
Spider:3: layout_spider_delve, nicolae_spider_cling_halls
Spider:4: guppyfry_spider_rune
Slime:1:  layout_caves, basic_altar, cheibrodos_slime_lost_civilization_7
Slime:2:  layout_caves, nicolae_slime_barrier
Slime:3:  layout_caves, nicolae_slime_round_cave
Slime:4:  layout_caves
Slime:5
Orc:1:    layout_caves, serial_shops, nicolae_shop_waterfront,
          trog_butcher_becter
Orc:2:    st_orc_open, layout_diamond_mine
Elf:1:    eino_elf_arrival_customs, layout_geoelf_diagonals,
          minmay_elf_crystal_hexagon
Elf:2:    layout_loops_cross, minmay_shoptagon, uniq_asterion
Elf:3:    minmay_elf_hall_hex, layout_geoelf_grid, minivault_20
Vaults:1: v_rooms_5, hangedman_vaults_hard_town_square,
          vaults_room_stairs_pillars, hangedman_vaults_maws,
          vaults_room_corners, vaults_mumra_minichess, layout_vaults_omnigrid,
          serial_shops, nicolae_shop_temple_entry_statues_fountains
Vaults:2: v_misc_28, ontoclasm_vaults_fault, nicolae_vaults_puzzle_piece,
          nicolae_vaults_big_angled_halls, nicolae_vaults_little_squares_3,
          minmay_crypt_entry_simple_walls, vaults_room_door_ring,
          vaults_room_fancy_cross, nicolae_vaults_rhombus_5,
          nicolae_vaults_twisting_passages, nicolae_vaults_little_squares_4,
          v_rooms_1, v_misc_23, layout_vaults_maze_bifur,
          portal_desolation_entry_nicolae_nacl
Vaults:3: nicolae_vaults_c_with_doors, nicolae_vaults_network_s,
          vaults_room_grunt_arrival_ludios, grunt_vaults_twisty,
          nicolae_vaults_alarming, nicolae_vaults_specimen_jars,
          ontoclasm_vaults_gateway, v_rooms_2, vaults_room_fours,
          ontoclasm_vaults_hangar, ontoclasm_vaults_idyll, vaults_room_pool,
          layout_vaults_chaotic_city
Vaults:4: v_rooms_4, grunt_vaults_focal, nicolae_vaults_yaktaur_gun_rack,
          nicolae_vaults_network_quinsquares
          [nicolae_vaults_network_quincunx_subvault,
          nicolae_vaults_network_quincunx_subvault,
          nicolae_vaults_network_quincunx_subvault,
          nicolae_vaults_network_quincunx_subvault], dpeg_vaults_monster_box,
          ontoclasm_vaults_misaligned, vaults_dpeg_doors, serial_ice_g,
          v_pattern_1, v_misc_26, nicolae_vaults_minivaults,
          ontoclasm_vaults_idyll, ontoclasm_vaults_hangar,
          layout_vaults_omnicross, mu_enter_wizlab_4, uniq_sojobo
Vaults:5: serial_shops
Crypt:1:  layout_chaotic_city, st_stairs_6
Crypt:2:  layout_chaotic_city, st_stairs_2, uniq_frederick, uniq_saint_roka,
          uniq_khufu
Crypt:3:  grunt_crypt_end_deaths_head, uniq_bai_suzhen
Tomb:1
Tomb:2
Tomb:3
Depths:1: layout_gridville, chequers_serial_rivers_micro_a, hellmouth_1,
          minmay_multi_spiral
Depths:2: minmay_guarded_unrand_guard, layout_basic, hell_entry,
          grunt_decor_arrowhead, abyss_entry, minmay_staircase_windowed_small,
          grunt_megastairs_3
Depths:3: kennysheep_funnel, layout_cave_pools, special_room
          [special_room_morgue], hangedman_coc_ice_floe, pan_entry,
          serial_shops, shop, nicolae_abyss_entry_one_way_or_another,
          uniq_xtahua
Depths:4: minmay_triangles_in_corner, layout_basic, enter_ziggurat_c,
          rand_demon_pan_entry_3, hell_entry, abyss_entry_crystal,
          serial_bayou_pond_d, minivault_22
Depths:5: grunt_zot_entry_hairpin, layout_cave_shapes,
          abyss_entry_small_statue_room, hell_entry, minivault_11,
          hangedman_abyss_or_decor_slice, grunt_ministairs_14
Hell
Dis:1:    layout_gridville, grunt_megastairs_4
Dis:2:    layout_chaotic_city
Dis:3:    layout_subdivisions
Dis:4:    layout_jigsaw
Dis:5:    layout_regular_city
Dis:6:    kennysheep_iron_temple, layout_chaotic_city
Dis:7:    dis_hangedman
Geh:1:    layout_gehenna_pools_box, not_door_vault_due
Geh:2:    layout_gehenna_lava_caves
Geh:3:    layout_gehenna_lava_caves
Geh:4:    layout_gehenna_lava_caves
Geh:5:    layout_gehenna_pools_box, lemuel_flamethrower_2
Geh:6:    layout_gehenna_pools_triple
Geh:7:    geh_mu
Coc:1:    layout_ice_bergs
Coc:2:    layout_cocytus_water_paths
Coc:3:    layout_ice_bergs, special_room [special_room_morgue]
Coc:4:    grunt_deathspiral_small, layout_ice_bergs
Coc:5:    layout_ice_bergs
Coc:6:    layout_ice_bergs
Coc:7:    coc_mu
Tar:1:    layout_honeycomb, evilmike_ambush [evilmike_ambush_outer_basic,
          evilmike_ambush_inner_pond]
Tar:2:    layout_honeycomb, lemuel_nasty_pond
Tar:3:    layout_grid_maze
Tar:4:    layout_grid_maze
Tar:5:    layout_grid_maze, evilmike_ambush [evilmike_ambush_outer_basic,
          evilmike_ambush_inner_basic]
Tar:6:    layout_honeycomb
Tar:7:    tar_minmay_river
Zot:1:    layout_concentric_octagons
Zot:2:    layout_gridlike, st_single_dragon_hoard_1
Zot:3:    layout_misc_corridors
Zot:4:    layout_cathedral_of_symmetry, ebering_ghost_reflecting_pool
Zot:5:    layout_basic, st_stairs_12, lemuel_lake_of_fire

Skill      XL: |  1  2  3  4  5  6  7  8  9 10 11 12 13 14 15 16 17 18 19 20 21 22 23 24 25 26 27 |
---------------+----------------------------------------------------------------------------------+-----
Maces & Flails | 3 4 5 7 9 10 12 14 15 16 17 18 19 20 21 27 | 27.0
Armour         | 4 5 6 7 9 10 11 12 13 14 15 27 | 27.0
Shields        | 4 5 6 8 9 10 11 12 13 14 15 16 17 18 19 20 21 27 | 27.0
Fighting       | 4 5 6 7 8 10 12 13 14 16 17 18 19 20 21 22 23 27 | 27.0
Slings         | 1 2 7 |  7.4
Throwing       | 1 2 3 4 5 6 7 8 9 19 | 19.8
Dodging        | 1 3 4 5 7 9 10 11 12 13 14 22 | 22.8
Invocations    | 1 2 3 4 5 6 25 | 25.9
Evocations     | 2 3 5 |  5.6
Axes           | 3 |  3.5
Spellcasting   | 6 17 | 17.9
Translocations | |  0.8

Action                   |  1- 3 |  4- 6 |  7- 9 | 10-12 | 13-15 | 16-18 | 19-21 | 22-24 | 25-27 || total
-------------------------+-------+-------+-------+-------+-------+-------+-------+-------+-------++-------
Melee: Flail             |   102 |   237 |   437 |    70 |       |       |       |       |       ||   846
       Morningstar       |       |       |       |   683 |  1069 |  1312 |  1181 |  1279 |  4254 ||  9778
       Demon whip        |       |       |       |       |       |     6 |   112 |   279 |    91 ||   488
       Hand axe          |       |       |       |       |       |       |   240 |       |       ||   240
       Sacred scourge    |       |       |       |       |       |       |       |       |  5319 ||  5319
       Peck              |       |       |       |       |       |       |       |       |   325 ||   325
       Unarmed           |       |       |       |       |       |       |       |       |     3 ||     3
 Fire: Hunting sling     |       |    16 |     9 |       |       |       |       |       |       ||    25
       Fustibalus        |       |       |       |       |       |       |       |       |    52 ||    52
Throw: Stone             |       |     2 |    11 |       |       |       |       |       |       ||    13
       Dart              |       |       |     4 |    26 |    20 |    29 |       |       |     2 ||    81
       Boomerang         |       |       |       |       |       |   148 |   132 |    97 |  1071 ||  1448
       Javelin           |       |       |       |       |       |       |       |       |    21 ||    21
 Cast: Apportation       |       |       |       |       |       |       |     3 |       |       ||     3
Invok: Heroism           |       |       |       |     9 |     9 |    13 |     9 |    10 |    13 ||    63
       Finesse           |       |       |       |     4 |     6 |     6 |     9 |     6 |     9 ||    40
       Summon Divine War |       |       |       |       |       |       |       |       |    66 ||    66
       Cleansing Flame   |       |       |       |       |       |       |       |       |    65 ||    65
       Divine Shield     |       |       |       |       |       |       |       |       |    15 ||    15
       Brand Weapon With |       |       |       |       |       |       |       |       |     1 ||     1
 Abil: Fly               |       |       |       |       |       |     1 |       |       |       ||     1
       Evoke Blink       |       |       |       |       |       |     1 |       |       |       ||     1
Evoke: Wand              |       |       |     2 |    23 |    29 |    37 |     5 |     1 |    28 ||   125
       Condenser vane    |       |       |       |       |       |     1 |       |       |       ||     1
       Phantom mirror    |       |       |       |       |       |       |       |       |     2 ||     2
       Box of beasts     |       |       |       |       |       |       |       |       |     1 ||     1
  Use: Scroll            |       |     8 |     5 |     5 |    18 |     5 |     6 |    23 |   126 ||   196
       Potion            |       |       |     2 |     1 |     1 |     5 |     8 |     3 |    58 ||    78
 Stab: Sleeping          |       |       |       |       |     4 |     2 |     1 |     2 |       ||     9
       Distracted        |       |       |       |       |     1 |       |     1 |       |     1 ||     3
       Paralysed         |       |       |       |       |       |       |       |     2 |       ||     2
Armor: Scale mail        |    26 |       |       |       |    20 |       |       |       |       ||    46
       Plate armour      |    40 |   176 |   240 |   368 |   107 |   745 |   116 |   275 |       ||  2067
       Leather armour    |       |       |       |       |   279 |   346 |   396 |    94 |       ||  1115
       Fire dragon scale |       |       |       |       |     5 |       |       |       |       ||     5
       Skin              |       |       |       |       |       |       |     9 |       |       ||     9
       Gold dragon scale |       |       |       |       |       |       |       |   129 |  2511 ||  2640
Dodge: Dodged            |    20 |    39 |    65 |   128 |   282 |   674 |   498 |   300 |  2393 ||  4399
Block: Kite shield       |    57 |   142 |   183 |   364 |   554 |  1195 |   689 |       |       ||  3184
       Tower shield      |       |       |       |       |       |       |   334 |  1274 |  9666 || 11274
       Reflection        |       |       |       |       |       |       |     8 |   121 |    74 ||   203
